Cogmind - Beta 11 X11 @@@ ROGUE MODE // 2022.04.02 @ 17:15:39 Player: Vectis Result: Escaped singularity! Performance ------------- Evolutions (9) 4500 Regions Visited (35) 7000 Robots Destroyed (369) 1845 Value Destroyed (14887) 14887 Prototype IDs (284) 5680 Alien Tech Used (16) 3200 Bonus (60021) 60021 TOTAL SCORE: 97133 Bonus ------- Triggered High Security 500 Triggered Max Security 2000 High Alert Combat Kills 3585 Follower Combat Kills 3287 Entered DSFs 500 Network Hubs Disabled 800 Met Data Miner 300 Met Imprinter 300 Met Zhirov 300 Built Enhanced Grunts 300 A7 Reached Mainframe 300 Met R17 at Cetus 500 Used Core Reset Matrix 3000 Met R17 at Research 2000 Integrated Exoskeleton 5000 Destroyed MAIN.C Guards 500 Met MAIN.C 5000 Destroyed MAIN.C Shell 5000 Destroyed MAIN.C 10000 Met Architect 300 Destroyed A8 300 Destroyed A6 400 Destroyed A5 500 Destroyed A4 700 Destroyed A3 800 Destroyed A2 1000 Destroyed Architect 15000 Win 3000 Friendly Fire -5151 Cogmind --------- Core Integrity 777/1600 Matter 535/550 Energy 336/340 System Corruption 0% Temperature Cool (0) Movement Walking (30) Location Near Former Tau Ceti IV Parts ------- > --- POWER (1) -------- Zero-point Reactor > --- PROPULSION (3) --- Sigix Exoskeleton > --- UTILITY (7) ------ Experimental Targeting Computer Experimental Core Analyzer Quantum Capacitor Architect God Chip A Architect God Chip D > --- WEAPON (3) ------- Sigix Shearcannon > --- INVENTORY (5) ---- Experimental Energy Well (600) Sigix Broadsword Peak State ------------ > --- POWER ------------ Zero-point Reactor > --- PROPULSION ------- Sigix Exoskeleton > --- UTILITY ---------- Experimental Targeting Computer Experimental Core Analyzer Experimental Armor Integrity Analyzer Quantum Capacitor Architect God Chip A Architect God Chip D > --- WEAPON ----------- Sigix Shearcannon > --- INVENTORY -------- Experimental Energy Well High-powered Transdimensional Reconstructor Navigation Efficiency Matrix Sigix Broadsword [Rating: 143] Favorites ----------- Power Backup Power III Engine Backup Power III Power Core Backup Power VII Reactor Zero-point Reactor Propulsion Cooled VTOL Module Treads Light Treads Leg Sigix Exoskeleton Hover Unit Backup Propulsion I Flight Unit Cooled VTOL Module Utility Hacking Suite Device Experimental Sensor Array Storage Medium Storage Unit Processor Advanced Signal Interpreter Hackware Hacking Suite Protection Experimental Utility Shielding Weapon Precision Beam Rifle Energy Gun Precision Beam Rifle Energy Cannon Sigix Shearcannon Ballistic Gun Advanced KE Penetrator Launcher Precision Grenade Launcher Special Weapon Mining Laser Impact Weapon Heavy Flail Slashing Weapon Ripper Piercing Weapon Enhanced Force Lance Special Melee Weapon Improved Datajack Build | -11 -10 -10 -9 -9 -8 -7 -7 -7 -7 -6 -6 -6 -6 -6 -5 -5 -5 -5 -5 -4 -4 -4 -4 -4 -4 -4 -4 -3 -3 -3 -2 -2 -1 -1 -1 ------- Run | Scr Mat Min Mat Sto Mat Fac Low Low Dat Pro Fac Low Low Zio Pro Fac Upp Upp Zhi Pro Fac Was Fac Ext Cet Arc Hub Res Qua Sec Res DSF Acc Com Ac0 Slots Evolved 18 | . . . 2 . 2 2 . . . . 2 . . . . 2 . . . . 2 . . . . . . 2 . . 2 . 2 . . Power . | . . . . . . . . . . . . . . . . . . . . . . . . . . . . . . . . . . . . Propulsion . | . . . . . . . . . . . . . . . . . . . . . . . . . . . . . . . . . . . . Utility 18 | . . . 2 . 2 2 . . . . 2 . . . . 2 . . . . 2 . . . . . . 2 . . 2 . 2 . . Weapon . | . . . . . . . . . . . . . . . . . . . . . . . . . . . . . . . . . . . . Parts Attached 812 | 6 15 18 51 30 37 9 16 15 1 27 41 40 29 10 38 56 52 12 10 8 3 2 23 51 6 5 12 43 43 16 5 22 22 30 8 Power 26 | . 1 2 1 2 2 1 . . . 1 1 . . . . 1 . . 2 . . . . 1 . . . 1 . . 1 4 1 4 . Engine 16 | . 1 2 1 2 2 1 . . . . 1 . . . . 1 . . 1 . . . . 1 . . . . . . 1 2 . . . Core 1 | . . . . . . . . . . 1 . . . . . . . . . . . . . . . . . . . . . . . . . Reactor 9 | . . . . . . . . . . . . . . . . . . . 1 . . . . . . . . 1 . . . 2 1 4 . Propulsion 49 | 2 1 1 10 11 8 . . . . . 1 . . . . 2 . . 2 . 2 . . 1 . . . 4 3 1 . . . . . Treads 30 | 2 1 1 10 10 6 . . . . . . . . . . . . . . . . . . . . . . . . . . . . . . Leg 1 | . . . . . . . . . . . . . . . . . . . 1 . . . . . . . . . . . . . . . . Wheel . | . . . . . . . . . . . . . . . . . . . . . . . . . . . . . . . . . . . . Hover . | . . . . . . . . . . . . . . . . . . . . . . . . . . . . . . . . . . . . Flight 18 | . . . . 1 2 . . . . . 1 . . . . 2 . . 1 . 2 . . 1 . . . 4 3 1 . . . . . Utility 526 | 4 2 4 27 4 12 3 2 4 1 20 22 40 27 6 36 49 48 10 5 7 1 2 18 39 . 3 4 22 33 8 1 18 21 18 5 Device 387 | 3 . 2 8 . 6 . 2 4 1 19 17 40 26 4 36 42 45 8 2 7 . 1 10 21 . . 2 8 16 5 1 18 18 12 3 Storage 14 | 1 1 2 3 1 1 . . . . 1 . . . 2 . . . . . . . . . . . . . 1 . 1 . . . . . Processor 24 | . 1 . 2 1 . 1 . . . . 3 . . . . . . . . . 1 . . . . . . 4 4 1 . . 2 4 . Hackware 27 | . . . 3 2 . 2 . . . . 2 . 1 . . 5 2 . 1 . . . . . . 3 . . 1 . . . 1 2 2 Protection 74 | . . . 11 . 5 . . . . . . . . . . 2 1 2 2 . . 1 8 18 . . 2 9 12 1 . . . . . Artifact . | . . . . . . . . . . . . . . . . . . . . . . . . . . . . . . . . . . . . Weapon 211 | . 11 11 13 13 15 5 14 11 . 6 17 . 2 4 2 4 4 2 1 1 . . 5 10 6 2 8 16 7 7 3 . . 8 3 Energy Gun 44 | . 7 10 9 8 9 1 . . . . . . . . . . . . . . . . . . . . . . . . . . . . . Energy Cannon 11 | . . . . 1 1 . . . . . . . . . . . . . . . . . . . . . . 1 . 2 1 . . 4 1 Ballistic Gun 24 | . . . 1 . . . . . . . . . . 1 . . . . . . . . 3 5 . 1 4 6 2 . . . . . 1 Ballistic Cannon . | . . . . . . . . . . . . . . . . . . . . . . . . . . . . . . . . . . . . Launcher 54 | . 1 1 3 4 3 . 10 9 . 1 3 . 1 1 1 1 2 1 1 . . . 2 2 3 . . 3 . 1 . . . . . Special Weapon 5 | . 3 . . . . . . . . . . . . . . . . . . . . . . . . . . . . . 1 . . 1 . Impact Weapon 5 | . . . . . 2 3 . . . . . . . . . . . . . . . . . . . . . . . . . . . . . Slashing Weapon 36 | . . . . . . . . 2 . 5 10 . . 2 1 2 2 1 . 1 . . . . . . . . 1 4 1 . . 3 1 Piercing Weapon 3 | . . . . . . . . . . . . . . . . . . . . . . . . . . . . 1 2 . . . . . . Special Melee Weapon 29 | . . . . . . 1 4 . . . 4 . 1 . . 1 . . . . . . . 3 3 1 4 5 2 . . . . . . Unidentified Prototypes 36 | . 1 2 4 1 1 . . 1 . 1 . . . 3 . 3 . . 6 . . . . . . . . 6 1 . . . 2 1 3 Corrupted Parts 3 | . . 3 . . . . . . . . . . . . . . . . . . . . . . . . . . . . . . . . . System Corruption 4 | . . 4 . . . . . . . . . . . . . . . . . . . . . . . . . . . . . . . . . Parts Lost 14 | . . . 3 . . . 1 . . 1 . . . . . 3 1 . . . . . 1 1 . . . . 2 1 . . . . . Power 4 | . . . . . . . . . . 1 . . . . . 1 . . . . . . . . . . . . 1 1 . . . . . Propulsion 2 | . . . . . . . . . . . . . . . . . . . . . . . . 1 . . . . 1 . . . . . . Utility 3 | . . . 1 . . . . . . . . . . . . 1 1 . . . . . . . . . . . . . . . . . . Weapon 5 | . . . 2 . . . 1 . . . . . . . . 1 . . . . . . 1 . . . . . . . . . . . . Highest Loss Streak 3 | . . . 2 . . . 1 . . 1 . . . . . 3 1 . . . . . 1 1 . . . . 2 1 . . . . . To Critical Strikes . | . . . . . . . . . . . . . . . . . . . . . . . . . . . . . . . . . . . . Average Slot Usage (%) 94 | . 99 99 99 98 99 85 87 79 78 78 89 100 100 100 99 96 99 100 98 100 93 98 98 96 95 95 95 92 91 77 54 61 66 68 66 Engine 9 | . 14 14 11 10 9 6 7 7 7 5 6 12 12 12 12 10 11 11 10 11 10 10 10 10 10 10 10 5 4 1 1 8 1 . . Treads 6 | . 27 27 22 21 17 . . . . . . . . . . . . . . . . . . . . . . . . . . . . . . Flight 6 | . . . . . . 15 15 14 14 14 12 12 12 12 12 11 11 11 11 11 10 10 10 5 5 5 5 8 7 6 . . . . . Device 11 | . 4 . 10 2 8 15 15 13 14 13 11 12 12 12 11 11 13 14 12 11 10 13 12 11 10 10 10 9 8 9 17 16 22 22 21 Storage 7 | . 14 13 11 11 9 7 7 7 7 7 6 6 6 6 6 5 5 5 5 5 5 5 5 5 5 5 5 4 4 5 9 9 7 2 . Processor 7 | . 9 14 4 11 9 7 7 7 7 7 6 6 6 6 6 5 5 5 5 5 8 6 5 5 5 5 5 9 13 14 9 9 12 19 22 Hackware 25 | . . . 2 16 18 24 30 28 28 28 35 37 37 37 37 42 40 38 40 44 40 40 40 40 40 40 40 33 31 22 . . . 1 . Protection 3 | . . . 15 2 8 . . . . . . . . . . . . 1 . . . 3 7 8 10 10 9 12 11 6 . . . . . Energy Gun 6 | . 25 27 21 21 17 1 . . . . . . . . . . . . . . . . . . . . . . . . . . . . . Slashing Weapon 2 | . . . . . . . . . . . 4 6 6 5 5 4 4 4 5 3 5 5 1 . . . . . . 5 2 . . . . Special Melee Weapon 2 | . . . . . . 4 2 . . . 3 6 6 6 6 3 5 5 5 5 5 5 5 5 3 . 4 3 3 . . . . . . Naked Turns . | . . . . . . . . . . . . . . . . . . . . . . . . . . . . . . . . . . . . Heaviest Build 69 | 14 35 36 65 58 67 17 20 20 15 18 23 22 22 49 22 22 23 26 22 22 19 22 26 26 22 24 24 28 26 35 57 57 69 58 58 Greatest Support 69 | 40 40 40 40 40 40 16 20 20 16 16 23 19 23 23 23 23 28 23 23 23 26 26 26 26 19 19 19 25 27 60 60 69 69 69 60 Greatest Overweight (x) 7 | . . . 1 2 4 4 4 4 . 5 6 1 6 2 1 7 . 1 1 . . . . 1 1 7 1 1 1 1 . . . . . Average Overweight (x) . | . . . . 1 1 . . . . . . . . . . . . . . . . . . . . 4 . . . . . . . . . Largest Inventory Capacity 20 | 8 15 15 20 20 20 20 10 10 10 10 10 10 10 20 10 10 10 10 10 10 10 10 10 10 10 10 10 10 10 10 10 10 10 10 5 Average Capacity 12 | 7 14 14 15 20 20 10 10 10 10 10 10 10 10 13 10 10 10 10 10 10 10 10 10 10 10 10 10 10 10 9 10 10 10 6 5 Most Carried 20 | 6 15 15 20 20 20 12 10 10 10 10 10 10 10 20 10 10 10 10 10 10 10 10 10 10 10 10 10 10 10 10 10 10 10 10 5 Average Carried 11 | 4 14 14 15 19 19 9 9 9 10 9 9 9 9 13 9 9 9 9 9 10 10 10 9 9 10 10 10 9 9 9 8 9 9 6 4 Final Capacity 20 | 8 15 15 20 20 20 10 10 10 10 10 10 10 10 10 10 10 10 10 10 10 10 10 10 10 10 10 10 10 10 10 10 10 10 5 5 Final Carried 20 | 4 15 15 20 20 13 10 10 10 10 10 10 10 10 10 10 10 10 10 10 10 10 10 10 10 10 10 10 10 10 10 9 10 9 5 3 Class Distribution -------------------- 32% | Wizard-Sprinter 15% | Mutant 13% | Hacker-Mutant 13% | Trapper-Sprinter 8% | Hacker-Sprinter 6% | Alien-Sigix 5% | Wizard-Mutant Dominant Class ---------------- Mutant | -10/Materials Mutant | -10/Mines Mutant | -9/Materials Hacker-Mutant | -9/Storage Hacker-Mutant | -8/Materials Hacker-Sprinter | -7/Factory Hacker-Sprinter | -7/Lower Caves Hacker-Sprinter | -7/Lower Caves Hacker-Sprinter | -7/Data Miner Hacker-Sprinter | -6/Proximity Caves Wizard-Sprinter | -6/Factory Wizard-Sprinter | -6/Lower Caves Trapper-Sprinter | -6/Lower Caves Trapper-Sprinter | -6/Zion Wizard-Sprinter | -5/Proximity Caves Wizard-Sprinter | -5/Factory Wizard-Sprinter | -5/Upper Caves Wizard-Sprinter | -5/Upper Caves Trapper-Sprinter | -5/Zhirov Wizard-Sprinter | -4/Proximity Caves Trapper-Sprinter | -4/Factory Trapper-Sprinter | -4/Waste Trapper-Sprinter | -4/Factory Wizard-Sprinter | -4/Extension Wizard-Sprinter | -4/Cetus Wizard-Mutant | -4/Archives Wizard-Sprinter | -4/Hub_04(d) Wizard-Sprinter | -3/Research Wizard-Sprinter | -3/Quarantine Wizard-Sprinter | -3/Section 7 Alien-Sigix | -2/Research Alien-Sigix | -2/DSF Alien-Sigix | -1/Access Alien-Sigix | -1/Command Alien-Sigix | -1/Access_0 Resources | -11 -10 -10 -9 -9 -8 -7 -7 -7 -7 -6 -6 -6 -6 -6 -5 -5 -5 -5 -5 -4 -4 -4 -4 -4 -4 -4 -4 -3 -3 -3 -2 -2 -1 -1 -1 ----------- Run | Scr Mat Min Mat Sto Mat Fac Low Low Dat Pro Fac Low Low Zio Pro Fac Upp Upp Zhi Pro Fac Was Fac Ext Cet Arc Hub Res Qua Sec Res DSF Acc Com Ac0 Matter Collected 14898 | 292 157 111 2046 733 292 26 407 393 . 610 525 448 318 196 418 671 702 197 100 66 130 64 472 1543 280 237 145 945 599 694 29 457 200 325 70 Remotely . | . . . . . . . . . . . . . . . . . . . . . . . . . . . . . . . . . . . . Salvage Created 19543 | 130 708 522 1927 1537 1911 26 34 32 . 152 668 357 86 . . 1125 164 68 . . 166 . 176 151 186 277 . 137 195 917 56 457 1044 2716 3618 Parts 918 | 8 42 29 113 65 90 . 2 3 . 10 17 4 8 . . 43 4 3 . . 2 . 2 9 6 22 . 5 14 38 5 16 44 100 214 Haulers Intercepted 29 | . 2 . 5 6 4 . . . . . 4 . . . . 4 . . . . 1 . 1 . . . . . . 1 . . 1 . . Recyclers Shooed 21 | . 1 1 5 2 5 1 . . . . . . . . . 1 . . . . . . 3 . . . . . 2 . . . . . . Parts Field Recycled . | . . . . . . . . . . . . . . . . . . . . . . . . . . . . . . . . . . . . Retrieved Matter . | . . . . . . . . . . . . . . . . . . . . . . . . . . . . . . . . . . . . Parts Self-Destructed 82 | . . . . . . . 20 1 . 17 . 9 8 . 16 . 9 2 . . . . . . . . . . . . . . . . . Prevented 23 | . . . . . . . . . . 5 . . 1 2 3 . 12 . . . . . . . . . . . . . . . . . . Kills | -11 -10 -10 -9 -9 -8 -7 -7 -7 -7 -6 -6 -6 -6 -6 -5 -5 -5 -5 -5 -4 -4 -4 -4 -4 -4 -4 -4 -3 -3 -3 -2 -2 -1 -1 -1 ------- Run | Scr Mat Min Mat Sto Mat Fac Low Low Dat Pro Fac Low Low Zio Pro Fac Upp Upp Zhi Pro Fac Was Fac Ext Cet Arc Hub Res Qua Sec Res DSF Acc Com Ac0 Combat Hostiles Destroyed 203 | . 12 8 29 16 28 . 1 3 . 4 . 1 4 . . 4 2 1 . . . . 1 2 . . . 2 . 9 . 4 12 23 37 Melee 10 | . . . . . . . . . . . . . . . . 1 . . . . . . . . . . . . . 9 . . . . . Guns 71 | . 9 5 26 8 22 . . . . . . . . . . . . . . . . . . 1 . . . . . . . . . . . Cannons 73 | . . . . . . . . . . . . . . . . . . . . . . . . . . . . . . . . 4 9 23 37 AOE 44 | . 3 3 3 5 5 . 1 3 . 4 . . 4 . . 3 2 1 . . . . 1 1 . . . 2 . . . . 3 . . Classes Destroyed 22 | 2 6 . 3 . 1 . . . . 1 . . . . . . . . . . . . 1 . . . . . 1 1 . 3 2 1 . Worker 19 | . 2 . 2 3 3 . . . . . 1 . . . . 4 . . . . . . . . . . . . . . . . 1 3 . Builder 8 | . . . 1 2 . 1 . . . . . . . . . 1 . . . . . . . . . . . . . 1 2 . . . . Tunneler 5 | 2 . 1 1 . . . . . . . . . . . . . . . . . 1 . . . . . . . . . . . . . . Hauler 29 | . 2 . 5 6 4 . . . . . 4 . . . . 4 . . . . 1 . 1 . . . . . . 1 . . 1 . . Recycler 37 | 1 4 4 6 6 6 . . . . . 2 . . . . 3 . . . . . . . . . . . 1 . 2 . . . 2 . Minesweeper 5 | . . . . . . . . . . 1 . 1 1 . . . 1 1 . . . . . . . . . . . . . . . . . Mechanic 1 | . . . . . . . . . . . . . . . . . . . . . . . . . . . . . 1 . . . . . . Operator 21 | . 3 . 2 3 1 . . . . . . . . . . 1 . . . . . . . . . 8 . . 1 1 . . . 1 . Watcher 34 | . 2 . 4 2 4 . . . . 2 2 . . . . 3 . . . . 1 . 2 2 . . . 1 3 3 . . 1 2 . Swarmer 46 | . 3 8 3 1 9 . . 3 . 4 . . 4 . . 1 . . . . . . . . . . . 2 . 4 . . 4 . . Cutter 1 | . . . . . . . . . . . . . . . . . . . . . . . . . . . . . . . . . 1 . . Saboteur 1 | . . . . . . . . . . . . . . . . . . . . . . . . . . . . . . 1 . . . . . Grunt 61 | . 9 . 16 7 11 . . . . . . 1 . . . 3 2 1 . . . . . . . . . . . 2 . . 2 7 . Brawler 2 | . . . 1 . . . . . . . . . . . . . . . . . . . . . . . . . . . . . . 1 . Duelist 1 | . . . . . 1 . . . . . . . . . . . . . . . . . . . . . . . . . . . . . . Sentry 32 | . . . 9 10 7 . 1 . . . . . . . . . . . . . . . . 2 . . . . . . . . 2 1 . Specialist 2 | . . . . . . . . . . . . . . . . . . . . . . . . . . . . . . . . 2 . . . Hunter 7 | . . . . . . . . . . . . . . . . . . . . . . . . . . . . . . . . 1 2 4 . Programmer 7 | . . . . . . . . . . . . . . . . . . . . . . . 1 . . . . . . 2 . . 1 3 . Heavy 1 | . . . . . . . . . . . . . . . . . . . . . . . . . . . . . . . . 1 . . . Behemoth 1 | . . . . . . . . . . . . . . . . . . . . . . . . . . . . . . . . . 1 . . M Guard 2 | . . . . . . . . . . . . . . . . . . . . . . . . . . . . . . . . . . 2 . M Shell/Def 1 | . . . . . . . . . . . . . . . . . . . . . . . . . . . . . . . . . . 1 . Enhanced Grunt 21 | . . . . . . . . . . . . . . . . . . . . . . . . . . . . . . . . . . . 21 Enhanced Sentry 1 | . . . . . . . . . . . . . . . . . . . . . . . . . . . . . . . . . . . 1 Enhanced Hunter 8 | . . . . . . . . . . . . . . . . . . . . . . . . . . . . . . . . . . . 8 Combat Programmer 2 | . . . . . . . . . . . . . . . . . . . . . . . . . . . . . . . . . . 2 . Packrat 1 | . . . . . . . . . . . . 1 . . . . . . . . . . . . . . . . . . . . . . . Thug 2 | . . 1 . . . . . . . . . . . . . . . . . . . . . . 1 . . . . . . . . . . Savage 1 | . . . . . . . . . . . . . . . . . . . . . . . . . 1 . . . . . . . . . . Butcher 1 | . . . . . . . . . . . . . . . . . . . . . . . . . 1 . . . . . . . . . . Best Kill Streak 16 | 2 5 3 3 5 7 1 1 3 . 4 3 1 4 . . 5 2 1 . . 2 . 1 2 . 4 . 2 1 6 2 1 10 7 16 Combat Bots Only 16 | . 3 3 3 4 6 . 1 3 . 4 . 1 4 . . 3 2 1 . . . . 1 1 . . . 2 . 4 . 1 9 4 16 Max Kills in Single Turn 4 | 1 4 3 3 4 3 1 1 2 . 2 2 1 4 . . 3 1 1 . . 1 . 1 1 2 1 . 1 1 1 2 1 4 2 2 Gunslinging 1 | . . 1 . . . . . . . . . . . . . . . . . . . . . . . . . . . . . . . . . Exploded 4 | . 3 3 2 3 3 . 1 2 . 2 . . 4 . . 3 1 1 . . . . 1 1 . . . 1 . . . . 3 . . Melee 1 | . . . . . . . . . . . . . . . . 1 . . . . . . . . . . . . . 1 . . . . . Uniques/NPCs Destroyed 10 | . . 1 . . . . . . . . . . . . . . . . . . . . . . . . . . . . . . . 2 7 YI-UF0 (-10/Mines) MAIN.C Shell (-1/Command) MAIN.C (-1/Command) A6 (-1/Access_0) A5 (-1/Access_0) A8 (-1/Access_0) A4 (-1/Access_0) A2 (-1/Access_0) A3 (-1/Access_0) Architect (-1/Access_0) Combat | -11 -10 -10 -9 -9 -8 -7 -7 -7 -7 -6 -6 -6 -6 -6 -5 -5 -5 -5 -5 -4 -4 -4 -4 -4 -4 -4 -4 -3 -3 -3 -2 -2 -1 -1 -1 -------- Run | Scr Mat Min Mat Sto Mat Fac Low Low Dat Pro Fac Low Low Zio Pro Fac Upp Upp Zhi Pro Fac Was Fac Ext Cet Arc Hub Res Qua Sec Res DSF Acc Com Ac0 Damage Taken 8266 | . 153 74 949 893 1117 . 59 26 . 205 68 27 10 . 104 165 34 48 . . . . 184 114 145 . 45 152 137 1247 . 163 168 1145 834 Core 1938 | . 22 9 84 173 201 . 12 5 . 132 18 . . . 87 50 . . . . . . 106 . 22 . . 79 . 200 . 49 47 370 272 Absorbed by Shields 1656 | . . . . . . . . . . . . . . . . . . . . . . . 25 . . . . . . 448 . 97 184 186 716 Redirected to Shielding 285 | . . . . . . . . . . . . . . . . . . . . . . . 24 20 76 . 40 36 27 62 . . . . . Regen/Repaired (Parts) 1505 | . 72 . 38 127 264 . . . . . 43 . . . . 101 . . . . . . . 22 . . . 141 152 540 5 . . . . Core Remaining (%) 76 | 100 . 87 . 35 63 . . . . 78 . . . . 87 . . . . 86 . . . . . . 88 . . 78 . 96 . . 48 Volleys Fired 774 | 8 42 24 110 79 109 1 7 17 . 5 6 . 1 5 1 . 6 4 . . . . 28 31 11 33 15 14 34 4 6 11 34 57 71 Largest 2 | 2 2 2 2 2 2 1 1 1 . 1 1 . 1 1 1 . 1 1 . . . . 1 1 1 1 1 1 1 1 1 1 1 1 1 Hottest 180 | 40 130 130 140 129 122 61 36 36 . 36 36 . 36 33 36 . 36 36 . . . . 80 80 80 35 35 80 40 113 180 180 180 180 180 Shots Fired 1095 | 16 80 34 208 149 206 1 7 17 . 5 6 . 1 5 1 . 6 4 . . . . 28 31 11 33 15 14 34 4 6 11 34 57 71 Gun 818 | 16 76 33 202 141 204 1 . . . . . . . 5 . . . . . . . . 26 22 . 33 15 10 34 . . . . . . Cannon 181 | . . . . 1 . . . . . . . . . . . . . . . . . . . . . . . . . 2 6 11 34 56 71 Launcher 92 | . 1 1 6 7 2 . 7 17 . 5 6 . 1 . 1 . 6 4 . . . . 2 9 11 . . 4 . 2 . . . . . Special 4 | . 3 . . . . . . . . . . . . . . . . . . . . . . . . . . . . . . . . 1 . Kinetic 169 | 16 8 . . . . . . . . . . . . 5 . . . . . . . . 26 22 . 33 15 10 34 . . . . . . Thermal 641 | . 71 19 202 142 204 1 . . . . . . . . . . . . . . . . . . . . . . . 2 . . . . . Explosive 92 | . 1 1 6 7 2 . 7 17 . 5 6 . 1 . 1 . 6 4 . . . . 2 9 11 . . 4 . 2 . . . . . Electromagnetic 14 | . . 14 . . . . . . . . . . . . . . . . . . . . . . . . . . . . . . . . . Slashing 178 | . . . . . . . . . . . . . . . . . . . . . . . . . . . . . . . 6 11 34 56 71 Robot Hit Streak 37 | 4 14 7 22 29 27 27 . . . . 28 . . . . . . . . . . . 3 7 . 7 . 2 3 . 6 14 12 37 21 Robot Miss Streak 9 | 2 7 4 8 2 3 . . . . . . . . . . . . . . . . . 2 1 . 2 . 3 1 . 1 9 8 7 6 Penetration Max 1 | . . . . . . . . . . . . . . . . . . . . . . . 1 1 . . . . 1 . . 1 1 1 1 Secondary Targets 6 | . 1 2 2 1 . . . . . . . . . . . . . . . . . . . . . . . . . . . . . . . Max Gunslinging Chain 1 | . 1 1 1 1 . . . . . . . . . . . . . . . . . . . . . . . . . . . . . . . Capacitor 178 | . . . . . . . . . . . . . . . . . . . . . . . . . . . . . . . 6 11 34 56 71 Shots Hit Robots 916 | 9 67 27 157 117 168 2 . . . 3 23 13 1 . . 28 4 2 . . 7 . 17 67 . 23 1 6 8 29 1 8 13 54 61 Core Hits 912 | 5 91 34 96 44 73 . 10 9 . 6 11 5 6 . 1 16 11 7 . . 3 . 5 18 43 11 . 6 6 15 2 12 30 113 223 Critical Kills 8 | . . . . . . . . . . . . . . . . . . . . . . . 1 1 . 4 . . 2 . . . . . . Critical Parts Destroyed 4 | . . . . . . . . . . . . . . . . . . . . . . . . . . 2 . 1 1 . . . . . . Critical Strikes 89 | . . . 10 17 13 . . . . . 1 . . . . 1 . . . . 1 . 1 1 . 6 . 1 4 3 . 1 4 15 10 Burn 40 | . . . 10 17 13 . . . . . . . . . . . . . . . . . . . . . . . . . . . . . . Destroy 12 | . . . . . . . . . . . . . . . . . . . . . . . 1 1 . 6 . 1 3 . . . . . . Sever 36 | . . . . . . . . . . . 1 . . . . 1 . . . . 1 . . . . . . . . 3 . 1 4 15 10 Impale 1 | . . . . . . . . . . . . . . . . . . . . . . . . . . . . . 1 . . . . . . Melee Attacks 349 | . . . . . 1 5 . 4 . 7 42 17 3 18 17 55 7 2 . 2 14 . 17 56 . . 1 4 12 55 1 . . 8 1 Impact 6 | . . . . . 1 5 . . . . . . . . . . . . . . . . . . . . . . . . . . . . . Slashing 255 | . . . . . . . . 4 . 7 37 13 3 18 17 52 7 2 . 2 14 . 12 . . . . . 2 55 1 . . 8 1 Piercing 12 | . . . . . . . . . . . . . . . . . . . . . . . . . . . . 2 10 . . . . . . Sneak Attacks 109 | . . . . . . 1 . . . 2 9 6 1 . . 16 2 1 . . 2 . 2 56 . . 1 3 1 5 . . . 1 . Combat Hostiles 5 | . . . . . . . . . . . . 1 . . . . . . . . . . 1 3 . . . . . . . . . . . Follow-up Attacks . | . . . . . . . . . . . . . . . . . . . . . . . . . . . . . . . . . . . . Damage Inflicted 66753 | 98 933 533 3069 2516 3280 97 152 266 . 574 1345 999 371 . 17 2608 802 453 . . 515 . 632 517 2067 574 . 640 350 3734 68 1118 4437 15906 18082 Guns 10280 | 98 765 338 2873 2068 2902 16 . . . . . . . . . . . . . . . . 378 192 . 574 . 26 50 . . . . . . Cannons 38668 | . . . . 20 . . . . . . . . . . . . . . . . . . . . . . . . . . 68 1118 4105 15316 18041 Explosions 7050 | . 168 195 196 416 360 . 152 266 . 357 154 . 229 . 17 395 330 287 . . . . 254 325 2067 . . 416 . 134 . . 332 . . Melee 10549 | . . . . . . 81 . . . 217 1191 999 142 . . 2213 472 166 . . 515 . . . . . . 198 300 3465 . . . 590 . Ramming 206 | . . . . 12 18 . . . . . . . . . . . . . . . . . . . . . . . . 135 . . . . 41 Kinetic 1387 | 98 69 . . . . . . . . . . . . . . . . . . . . . 378 192 . 574 . 26 50 . . . . . . Thermal 9465 | . 696 293 2873 2088 2902 16 . . . . . . . . . 395 . . . . . . 202 . . . . . . . . . . . . Explosive 6391 | . 168 133 196 416 360 . 152 266 . 357 154 . 229 . 17 . 330 287 . . . . 52 325 2067 . . 416 . 134 . . 332 . . Electromagnetic 107 | . . 107 . . . . . . . . . . . . . . . . . . . . . . . . . . . . . . . . . Impact 81 | . . . . . . 81 . . . . . . . . . . . . . . . . . . . . . . . . . . . . . Slashing 48618 | . . . . . . . . . . 217 1191 999 142 . . 2213 472 166 . . 515 . . . . . . . . 3465 68 1118 4105 15906 18041 Piercing 498 | . . . . . . . . . . . . . . . . . . . . . . . . . . . . 198 300 . . . . . . Highest Corruption 6 | . . 4 5 6 . . . . . . . . . . . . . . . . . . . . . . . . . 6 . . 1 2 . Average Corruption 4 | . . 3 4 5 . . . . . . . . . . . . . . . . . . . . . . . . . 2 . . 1 1 . Corruption Purged 2 | . . . . . . . . . . . . . . . . . . . . . . . . . . . . . . . . . . 2 . Corruption Blocked . | . . . . . . . . . . . . . . . . . . . . . . . . . . . . . . . . . . . . Effects 155 | . . 3 67 78 . . . . . . . . . . . . . . . . . . . . . . . . . 6 . . . 1 . Message Errors 53 | . . . 22 29 . . . . . . . . . . . . . . . . . . . . . . . . . 2 . . . . . Matter Fused 36 | . . 1 14 17 . . . . . . . . . . . . . . . . . . . . . . . . . 3 . . . 1 . Heat Flow Errors 19 | . . . 7 12 . . . . . . . . . . . . . . . . . . . . . . . . . . . . . . . Energy Discharges 20 | . . 2 11 6 . . . . . . . . . . . . . . . . . . . . . . . . . 1 . . . . . Parts Rejected 1 | . . . . 1 . . . . . . . . . . . . . . . . . . . . . . . . . . . . . . . Data Loss (minor) 9 | . . . 7 2 . . . . . . . . . . . . . . . . . . . . . . . . . . . . . . . Data Loss (major) 7 | . . . 3 4 . . . . . . . . . . . . . . . . . . . . . . . . . . . . . . . Misfires 6 | . . . 3 3 . . . . . . . . . . . . . . . . . . . . . . . . . . . . . . . Alerts 2 | . . . . 2 . . . . . . . . . . . . . . . . . . . . . . . . . . . . . . . Weapon Failures 2 | . . . . 2 . . . . . . . . . . . . . . . . . . . . . . . . . . . . . . . Overload Shots . | . . . . . . . . . . . . . . . . . . . . . . . . . . . . . . . . . . . . Overflow Damage 3963 | . . . 23 15 3 59 . . . 80 75 255 102 . . 568 243 85 . . 132 . 96 7 3 . . 268 . 1004 . . 103 722 120 Projectiles 415 | . . . . 15 . . . . . . . . . . . . . . . . . . . . . . . . . . . . 103 177 120 Explosions 273 | . . . 23 . 3 . . . . 6 . . . . . . 1 . . . . . 96 7 3 . . 100 . 34 . . . . . Melee 3275 | . . . . . . 59 . . . 74 75 255 102 . . 568 242 85 . . 132 . . . . . . 168 . 970 . . . 545 . Knockbacks 4 | . . . . . 1 1 . . . . . . . . . . . . . . . . . . . . . . . 1 . . . . 1 Impact 4 | . . . . . 1 1 . . . . . . . . . . . . . . . . . . . . . . . 1 . . . . 1 Kinetic . | . . . . . . . . . . . . . . . . . . . . . . . . . . . . . . . . . . . . Secondary . | . . . . . . . . . . . . . . . . . . . . . . . . . . . . . . . . . . . . Self-Inflicted Damage 257 | . . . 54 . . . . . . . . . . . . . . . . . . . . 68 44 . . 49 . . . . 42 . . Shots 6 | . . . 2 . . . . . . . . . . . . . . . . . . . . 1 1 . . 1 . . . . 1 . . Rammed 6 | . . . . 3 3 . . . . . . . . . . . . . . . . . . . . . . . . . . . . . . Targets Rammed 16 | . . . . 5 3 . . . . . . . . . . . . . . . . . . . . . . . . 7 . . . . 1 Kicked 8 | . . . . . . . . . . . . . . . . . . . . . . . . . . . . . . 7 . . . . 1 Crushed 2 | . . . . 2 . . . . . . . . . . . . . . . . . . . . . . . . . . . . . . . Highest Temperature 408 | . 324 216 390 408 378 6 . . . 288 . . . . . . . . . . . . 44 32 64 . . 24 . 40 82 78 176 185 35 Average Temperature 69 | . 74 49 79 78 67 5 . . . 151 . . . . . . . . . . . . 25 14 28 . . 13 . 14 49 35 59 72 9 Received Heat Transfer 1680 | . 75 . 387 309 459 . 24 6 . . . . 20 . . . 9 9 . . . . . 9 . . . . . 115 . . 36 177 45 Effects 7 | . 3 . 1 3 . . . . . . . . . . . . . . . . . . . . . . . . . . . . . . . Shutdowns 1 | . . . . 1 . . . . . . . . . . . . . . . . . . . . . . . . . . . . . . . Energy Bleed 2 | . . . 1 1 . . . . . . . . . . . . . . . . . . . . . . . . . . . . . . . Interference 3 | . 3 . . . . . . . . . . . . . . . . . . . . . . . . . . . . . . . . . . Short Circuit 1 | . . . . 1 . . . . . . . . . . . . . . . . . . . . . . . . . . . . . . . Siege Activations . | . . . . . . . . . . . . . . . . . . . . . . . . . . . . . . . . . . . . Robots Corrupted . | . . . . . . . . . . . . . . . . . . . . . . . . . . . . . . . . . . . . Combat Hostiles . | . . . . . . . . . . . . . . . . . . . . . . . . . . . . . . . . . . . . Parts Fried 3 | . . . . . . 3 . . . . . . . . . . . . . . . . . . . . . . . . . . . . . Impact Corruptions 4 | . . . . . . 2 . . . . . . . . . . . . . . . . . . . . . . . 2 . . . . . Robots Melted 4 | . . . . 3 1 . . . . . . . . . . . . . . . . . . . . . . . . . . . . . . Combat Hostiles 4 | . . . . 3 1 . . . . . . . . . . . . . . . . . . . . . . . . . . . . . . Parts Melted 56 | . 1 . 14 24 16 . . . . . . . . . . . . . . . . . 1 . . . . . . . . . . . . Heat Transferred 20497 | . 875 330 6053 5624 7178 37 . . . . . . . . . 300 . . . . . . 100 . . . . . . . . . . . . Parts Sabotaged . | . . . . . . . . . . . . . . . . . . . . . . . . . . . . . . . . . . . . Parts Stolen . | . . . . . . . . . . . . . . . . . . . . . . . . . . . . . . . . . . . . Parts Stripped . | . . . . . . . . . . . . . . . . . . . . . . . . . . . . . . . . . . . . Power Chain Reactions 1 | . . 1 . . . . . . . . . . . . . . . . . . . . . . . . . . . . . . . . . Missiles Intercepted . | . . . . . . . . . . . . . . . . . . . . . . . . . . . . . . . . . . . . Alert | -11 -10 -10 -9 -9 -8 -7 -7 -7 -7 -6 -6 -6 -6 -6 -5 -5 -5 -5 -5 -4 -4 -4 -4 -4 -4 -4 -4 -3 -3 -3 -2 -2 -1 -1 -1 ------- Run | Scr Mat Min Mat Sto Mat Fac Low Low Dat Pro Fac Low Low Zio Pro Fac Upp Upp Zhi Pro Fac Was Fac Ext Cet Arc Hub Res Qua Sec Res DSF Acc Com Ac0 Peak Influence 3110 | 15 184 295 257 545 490 148 . . . . 428 . . . . 489 . . . . 54 18 219 300 453 456 250 324 169 2024 1298 1149 3110 2807 . Initial 1990 | . 9 37 . 93 148 72 . . . . 128 . . . . . . . . . . 18 12 . 81 181 . 67 45 10 1138 977 688 1990 . Average 242 | 9 93 108 134 374 261 103 . . . . 118 . . . . 166 . . . . 34 18 70 110 331 121 143 208 65 529 1193 1036 1680 2325 . Maximum Alert Level 5 | . . 1 1 2 2 . . . . . 2 . . . . 2 . . . . . . 1 1 2 2 1 1 . 5 4 4 5 5 . Low Security (%) 59 | 100 100 83 75 6 23 100 . . . . 84 . . . . 70 . . . . 100 100 99 84 11 67 83 61 100 41 . . . . . Level 1 23 | . . 16 24 44 69 . . . . . 6 . . . . 6 . . . . . . . 15 55 24 16 38 . 28 . . . . . Level 2 8 | . . . . 49 7 . . . . . 9 . . . . 22 . . . . . . . . 32 8 . . . 8 . . 10 . . Level 3 1 | . . . . . . . . . . . . . . . . . . . . . . . . . . . . . . . . 91 34 . . Level 4 . | . . . . . . . . . . . . . . . . . . . . . . . . . . . . . . . 100 8 . . . Level 5 5 | . . . . . . . . . . . . . . . . . . . . . . . . . . . . . . . . . . 93 . High Security . | . . . . . . . . . . . . . . . . . . . . . . . . . . . . . . . . . . 6 . Max Security 1 | . . . . . . . . . . . . . . . . . . . . . . . . . . . . . . 21 . . 54 . . Squads Dispatched 98 | . 4 . 6 4 1 3 . . . . 6 . . . . 9 . . . . . . 3 1 . . 5 7 3 15 . 1 25 5 . Investigation 24 | . 2 . 5 . . 2 . . . . 2 . . . . 3 . . . . . . 2 . . . 3 5 . . . . . . . Extermination 7 | . . . . . . 1 . . . . 1 . . . . 3 . . . . . . 1 . . . . . . 1 . . . . . Reinforcement 26 | . 2 . 1 3 1 . . . . . 2 . . . . 2 . . . . . . . 1 . . 2 2 3 2 . 1 3 1 . Assault 38 | . . . . . . . . . . . . . . . . 1 . . . . . . . . . . . . . 12 . . 21 4 . Garrison 3 | . . . . 1 . . . . . . 1 . . . . . . . . . . . . . . . . . . . . . 1 . . Intercept . | . . . . . . . . . . . . . . . . . . . . . . . . . . . . . . . . . . . . Searches Triggered . | . . . . . . . . . . . . . . . . . . . . . . . . . . . . . . . . . . . . Data Miner Redirects 4 | . . . . . . . . . . . 1 . . . . 1 . . . . . . . . . . 2 . . . . . . . . Construction Impeded 2 | . . . . . . . . . . . . . . . . . . . . . . . . 1 . . 1 . . . . . . . . Haulers Reinforced 3 | . . . . . . . . . . . . . . . . 2 . . . . . . . . . . . 1 . . . . . . . Active Scanning Responses . | . . . . . . . . . . . . . . . . . . . . . . . . . . . . . . . . . . . . Cargo Convoy Interrupts . | . . . . . . . . . . . . . . . . . . . . . . . . . . . . . . . . . . . . Stealth | -11 -10 -10 -9 -9 -8 -7 -7 -7 -7 -6 -6 -6 -6 -6 -5 -5 -5 -5 -5 -4 -4 -4 -4 -4 -4 -4 -4 -3 -3 -3 -2 -2 -1 -1 -1 --------- Run | Scr Mat Min Mat Sto Mat Fac Low Low Dat Pro Fac Low Low Zio Pro Fac Upp Upp Zhi Pro Fac Was Fac Ext Cet Arc Hub Res Qua Sec Res DSF Acc Com Ac0 Distress Signals 54 | . 1 . 4 1 2 . . . . 2 . . . . . 1 . 1 . . . . 1 5 2 . 3 3 2 4 . . 1 21 . Communications Jammed . | . . . . . . . . . . . . . . . . . . . . . . . . . . . . . . . . . . . . Distress Signals . | . . . . . . . . . . . . . . . . . . . . . . . . . . . . . . . . . . . . Times Spotted 578 | . 28 10 46 31 49 3 12 2 . 10 9 5 8 . 4 20 17 2 . 2 1 . 15 18 7 12 12 4 9 83 . 7 53 43 56 Peak Tracking Total 44 | . 5 3 3 4 4 2 4 1 . 5 3 3 4 . 4 4 3 2 . 2 1 . 6 4 5 1 5 4 4 44 . 4 37 18 13 Tactical Retreats 78 | . . . . 2 1 . 9 1 . 3 . 2 1 . 2 . 10 1 . 1 . . 3 6 . . 1 2 1 11 . 1 11 4 5 Traps | -11 -10 -10 -9 -9 -8 -7 -7 -7 -7 -6 -6 -6 -6 -6 -5 -5 -5 -5 -5 -4 -4 -4 -4 -4 -4 -4 -4 -3 -3 -3 -2 -2 -1 -1 -1 ------- Run | Scr Mat Min Mat Sto Mat Fac Low Low Dat Pro Fac Low Low Zio Pro Fac Upp Upp Zhi Pro Fac Was Fac Ext Cet Arc Hub Res Qua Sec Res DSF Acc Com Ac0 Traps Triggered 18 | . . . 2 2 . . . . . 2 1 . . . . . . . . . 1 . 2 . . . . 3 . . . 1 1 3 . Indirectly . | . . . . . . . . . . . . . . . . . . . . . . . . . . . . . . . . . . . . Trap Hack Attempts 148 | . . . . . . . . . . . 26 . . . . 53 . . . . . . 27 27 . . 3 8 4 . . . . . . Triggered 2 | . . . . . . . . . . . . . . . . 1 . . . . . . . . . . . . 1 . . . . . . Disarmed 5 | . . . . . . . . . . . 1 . . . . 2 . . . . . . 1 1 . . . . . . . . . . . Reprogrammed 87 | . . . . 2 . . . . . . 14 . . . . 23 . . . . . . 16 12 . . 6 3 11 . . . . . . Reused 84 | . . . . . . . . . . 1 . 16 5 . 9 4 11 1 . 1 . . 5 27 . . . 2 2 . . . . . . Traps Extracted 132 | . . . . . . . . 1 . 6 13 4 3 . 5 28 19 5 . 2 . . 16 22 . . 4 3 1 . . . . . . Installed 150 | . . . . . . . . . . 4 . 20 8 . 15 10 29 5 . 4 . . 7 45 . . . 2 1 . . . . . . Triggered 82 | . . . . . . . 1 . . 3 . 13 3 . 9 4 11 1 . 1 . . 5 27 . . . 2 2 . . . . . . Most Traps Carried 35 | . . . . . . . . 1 1 7 20 27 26 23 23 30 31 35 35 35 33 33 35 34 11 11 14 15 15 . . . . . . Machines | -11 -10 -10 -9 -9 -8 -7 -7 -7 -7 -6 -6 -6 -6 -6 -5 -5 -5 -5 -5 -4 -4 -4 -4 -4 -4 -4 -4 -3 -3 -3 -2 -2 -1 -1 -1 ---------- Run | Scr Mat Min Mat Sto Mat Fac Low Low Dat Pro Fac Low Low Zio Pro Fac Upp Upp Zhi Pro Fac Was Fac Ext Cet Arc Hub Res Qua Sec Res DSF Acc Com Ac0 Machines Disabled 63 | . 1 . 3 1 . . . . . 1 . 1 1 . . 6 . . . . . . 3 1 . 3 4 1 5 8 2 1 6 6 9 Max in Single Turn 6 | . 1 . 1 1 . . . . . 1 . 1 1 . . 6 . . . . . . 2 . . 1 1 1 1 1 1 . 2 1 1 Garrison Access 9 | . . . . 1 1 . . . . . . . . . . 1 . . . . . . 1 . . . 1 2 1 . . . 1 . . Network Hub 4 | . . . . . . . . . . . . . . . . . . . . . . . . . . . 4 . . . . . . . . Machines Sabotaged 2 | . . . . . . . . . . . . . . . . . . . . . . . . . . . 2 . . . . . . . . Garrisons Compromised . | . . . . . . . . . . . . . . . . . . . . . . . . . . . . . . . . . . . . Overloaded Fab Kills . | . . . . . . . . . . . . . . . . . . . . . . . . . . . . . . . . . . . . Hacking | -11 -10 -10 -9 -9 -8 -7 -7 -7 -7 -6 -6 -6 -6 -6 -5 -5 -5 -5 -5 -4 -4 -4 -4 -4 -4 -4 -4 -3 -3 -3 -2 -2 -1 -1 -1 --------- Run | Scr Mat Min Mat Sto Mat Fac Low Low Dat Pro Fac Low Low Zio Pro Fac Upp Upp Zhi Pro Fac Was Fac Ext Cet Arc Hub Res Qua Sec Res DSF Acc Com Ac0 Machines Accessed 162 | . 7 1 16 14 11 4 3 . 4 1 13 . . . . 18 2 1 5 . 3 . 16 9 1 . 6 5 11 1 1 . 4 4 1 Terminals 87 | . 4 1 10 9 6 3 . . . 1 6 . . . . 9 . . . . 3 . 6 7 1 . 5 . 9 1 1 . 1 4 . Fabricators 10 | . . . . . . 1 . . . . 1 . . . . 3 . . . . . . 3 . . . . 2 . . . . . . . Repair Stations 19 | . 1 . 2 2 2 . . . . . 3 . . . . 4 . . . . . . 1 1 . . . 1 1 . . . 1 . . Recycling Units 18 | . 2 . 2 2 2 . . . . . 1 . . . . 2 . . . . . . 4 1 . . . 1 . . . . 1 . . Scanalyzers 4 | . . . 2 . . . . . . . 1 . . . . . . . . . . . 1 . . . . . . . . . . . . Garrison Access 8 | . . . . 1 1 . . . . . 1 . . . . . . . . . . . 1 . . . 1 1 1 . . . 1 . . Total Hacks 707 | . 15 3 56 41 54 11 8 . 30 1 29 . . . . 86 3 1 18 . 15 . 103 60 1 . 33 17 72 7 1 . 13 12 17 Successful 579 | . 11 2 24 32 43 6 8 . 30 1 27 . . . . 79 3 1 18 . 11 . 95 48 1 . 30 14 65 4 1 . 4 4 17 Failed 123 | . 4 1 31 9 10 5 . . . . 1 . . . . 7 . . . . 4 . 7 11 . . 3 3 7 3 . . 9 8 . Catastrophic 13 | . 2 . 5 1 . . . . . . . . . . . . . . . . . . . . . . . . . . . . 3 2 . Database Lockouts 5 | . . . 1 . 1 . . . . . 1 . . . . . . . . . . . 1 1 . . . . . . . . . . . Manual 390 | . 8 3 33 22 31 5 . . . . 11 . . 1 . 59 . . . . 11 . 70 41 1 . 26 9 45 5 . . 5 4 . Terminals 436 | . 8 3 34 31 36 9 . . . 1 15 . . . . 55 . . . . 15 . 61 51 1 . 32 . 61 7 1 . 3 12 . Fabricators 42 | . . . . . . 2 . . . . 2 . . . . 13 . . . . . . 16 . . . . 9 . . . . . . . Repair Stations 63 | . 4 . 6 4 11 . . . . . 6 . . . . 11 . . . . . . 2 3 . . . 2 9 . . . 5 . . Recycling Units 60 | . 3 . 7 5 6 . . . . . 2 . . . . 7 . . . . . . 15 6 . . . 5 . . . . 4 . . Scanalyzers 20 | . . . 9 . . . . . . . 3 . . . . . . . . . . . 8 . . . . . . . . . . . . Garrison Access 9 | . . . . 1 1 . . . . . 1 . . . . . . . . . . . 1 . . . 1 1 2 . . . 1 . . Terminal Hacks 309 | . 2 2 6 15 19 3 8 . 30 1 9 . . . . 34 3 1 18 . 6 . 37 30 1 . 18 . 44 2 1 . . 2 17 Record 42 | . . . . . . . 6 . 11 . . . . . . . 2 . 6 . . . . . . . . . . . . . . . 17 Part Schematic 35 | . . . . 1 1 . . . 11 . 1 . . . . 2 . . 4 . 1 . 1 8 . . 1 . 4 . . . . . . Robot Schematic 12 | . . . . . . . . . 5 . . . . . . . . . . . . . . 3 . . . . 4 . . . . . . Robot Analysis 13 | . 1 2 1 1 . . . . . . . . . . . . . . 4 . . . 2 . . . . . 2 . . . . . . Prototype ID Bank 34 | . 1 . 1 2 3 . . . 3 . . . . . . 1 . . 4 . . . 1 9 . . . . 9 . . . . . . Open Door 10 | . . . . 4 . . 2 . . 1 . . . . . . 1 1 . . . . . . 1 . . . . . . . . . . Open DSF 1 | . . . . . . . . . . . . . . . . . . . . . . . . . . . . . . . 1 . . . . Level Access Points 3 | . . . . . . . . . . . . . . . . 1 . . . . . . . . . . 1 . . 1 . . . . . Branch Access Points 5 | . . . 1 . . . . . . . 1 . . . . 1 . . . . 1 . 1 . . . . . . . . . . . . Emergency Access Points 1 | . . . . . . . . . . . . . . . . . . . . . . . 1 . . . . . . . . . . . . Machine Index 6 | . . . . . . 1 . . . . . . . . . 1 . . . . 1 . 1 1 . . . . 1 . . . . . . Terminal Index 2 | . . . . . . . . . . . . . . . . . . . . . 1 . . . . . 1 . . . . . . . . Garrison Index 1 | . . . . . . . . . . . . . . . . . . . . . . . . . . . 1 . . . . . . . . Alert Level 10 | . . . . 1 2 . . . . . . . . . . 2 . . . . . . 2 1 . . 1 . 1 . . . . . . Unreport Threat 17 | . . . 2 2 2 . . . . . 1 . . . . 2 . . . . . . 3 2 . . 1 . 2 . . . . . . Locate Traps 13 | . . . . . 3 . . . . . . . . . . 3 . . . . . . 2 . . . 2 . 3 . . . . . . Reprogram Traps 14 | . . . . 1 . . . . . . 1 . . . . 2 . . . . . . 3 1 . . 3 . 3 . . . . . . Dispatch Records 1 | . . . . . . . . . . . . . . . . 1 . . . . . . . . . . . . . . . . . . . Maintenance Status 4 | . . . . . . . . . . . . . . . . 1 . . . . . . 2 . . . . . 1 . . . . . . Security Status 3 | . . . . . . . . . . . . . . . . 1 . . . . . . 1 . . . . . 1 . . . . . . Surveillance Status 4 | . . . . . 1 . . . . . . . . . . . . . . . . . 2 . . . . . 1 . . . . . . Patrol Status 11 | . . . . . . . . . . . 1 . . . . 2 . . . . . . 5 . . . 1 . 2 . . . . . . Transport Status 2 | . . . . . . . . . . . . . . . . 1 . . . . . . . . . . . . 1 . . . . . . Reinforcement Status 1 | . . . . . . . . . . . . . . . . . . . . . . . . . . . 1 . . . . . . . . Coupling Status 1 | . . . . . . . . . . . . . . . . . . . . . . . 1 . . . . . . . . . . . . Recall Investigation 7 | . . . . . . 1 . . . . 1 . . . . 3 . . . . . . 2 . . . . . . . . . . . . Recall Extermination 4 | . . . . . . . . . . . . . . . . 3 . . . . . . 1 . . . . . . . . . . . . Recall Reinforcements 9 | . . . . 1 . . . . . . . . . . . 2 . . . . . . . 1 . . 2 . 3 . . . . . . Recall Assault 1 | . . . . . . . . . . . . . . . . 1 . . . . . . . . . . . . . . . . . . . Hauler Manifests 5 | . . . 1 1 1 . . . . . . . . . . . . . . . . . 1 . . . . . 1 . . . . . . Registered Components 2 | . . . . . 1 . . . . . . . . . . . . . . . . . . . . . . . 1 . . . . . . Registered Prototypes 2 | . . . . . . . . . . . . . . . . 1 . . . . . . . 1 . . . . . . . . . . . Zone Layout 31 | . . . . 1 5 1 . . . . 3 . . . . 3 . . . . 2 . 5 3 . . 3 . 4 1 . . . . . Disengage Seal 2 | . . . . . . . . . . . . . . . . . . . . . . . . . . . . . . . . . . 2 . Fabricator Hacks 19 | . . . . . . 2 . . . . 2 . . . . 6 . . . . . . 6 . . . . 3 . . . . . . . Load Schematic 10 | . . . . . . 1 . . . . 1 . . . . 3 . . . . . . 4 . . . . 1 . . . . . . . Build 9 | . . . . . . 1 . . . . 1 . . . . 3 . . . . . . 2 . . . . 2 . . . . . . . Repair Station Hacks 55 | . 4 . 5 4 10 . . . . . 6 . . . . 10 . . . . . . 1 3 . . . 2 9 . . . 1 . . Scan Component 24 | . 2 . 3 2 5 . . . . . 2 . . . . 4 . . . . . . . 1 . . . 1 4 . . . . . . Repair 23 | . 2 . 2 2 5 . . . . . 2 . . . . 4 . . . . . . . 1 . . . 1 4 . . . . . . Refit 8 | . . . . . . . . . . . 2 . . . . 2 . . . . . . 1 1 . . . . 1 . . . 1 . . Recycling Unit Hacks 14 | . . . 1 2 1 . . . . . 1 . . . . 2 . . . . . . 4 2 . . . 1 . . . . . . . Retrieve Matter 1 | . . . . . . . . . . . . . . . . . . . . . . . . 1 . . . . . . . . . . . Retrieve Components 13 | . . . 1 2 1 . . . . . 1 . . . . 2 . . . . . . 4 1 . . . 1 . . . . . . . Scanalyzer 17 | . . . 6 . . . . . . . 3 . . . . . . . . . . . 8 . . . . . . . . . . . . Insert Component 6 | . . . 3 . . . . . . . 1 . . . . . . . . . . . 2 . . . . . . . . . . . . Analyze 11 | . . . 3 . . . . . . . 2 . . . . . . . . . . . 6 . . . . . . . . . . . . Garrison Access Hacks 7 | . . . . 1 1 . . . . . . . . . . . . . . . . . 1 . . . 1 1 1 . . . 1 . . Seal Access 7 | . . . . 1 1 . . . . . . . . . . . . . . . . . 1 . . . 1 1 1 . . . 1 . . Unauthorized Hacks 158 | . 5 . 6 10 12 1 . . . . 6 . . . . 27 . . . . 5 . 38 13 . . 11 7 11 2 . . 2 2 . Terminals 97 | . 2 . 4 7 8 1 . . . . 4 . . . . 14 . . . . 5 . 16 9 . . 11 . 11 2 . . 1 2 . Track 25 | . . . . 1 2 . . . . . 1 . . . . 4 . . . . 2 . 5 3 . . 1 . 5 1 . . . . . Assimilate 17 | . . . . 1 2 1 . . . . 1 . . . . 5 . . . . 1 . 2 . . . 1 . 1 1 . . . 1 . Botnet 28 | . 2 . 4 3 3 . . . . . 2 . . . . 2 . . . . 1 . 3 3 . . 1 . 2 . . . 1 1 . Detonate 5 | . . . . . . . . . . . . . . . . 2 . . . . . . 1 . . . 1 . 1 . . . . . . Disrupt 12 | . . . . 2 . . . . . . . . . . . . . . . . . . 3 3 . . 3 . 1 . . . . . . Operators 7 | . . . . . 1 . . . . . . . . . . 1 . . . . 1 . 2 . . . 1 . 1 . . . . . . Sabotage 3 | . . . . . . . . . . . . . . . . . . . . . . . . . . . 3 . . . . . . . . Fabricators 21 | . . . . . . . . . . . . . . . . 7 . . . . . . 10 . . . . 4 . . . . . . . Report 4 | . . . . . . . . . . . . . . . . 2 . . . . . . 1 . . . . 1 . . . . . . . Prioritize 6 | . . . . . . . . . . . . . . . . 2 . . . . . . 3 . . . . 1 . . . . . . . Liberate 3 | . . . . . . . . . . . . . . . . . . . . . . . 3 . . . . . . . . . . . . Fabnet 3 | . . . . . . . . . . . . . . . . . . . . . . . 2 . . . . 1 . . . . . . . Haulers 5 | . . . . . . . . . . . . . . . . 3 . . . . . . 1 . . . . 1 . . . . . . . Repair Stations 2 | . . . . . . . . . . . . . . . . 1 . . . . . . 1 . . . . . . . . . . . . Mechanics 2 | . . . . . . . . . . . . . . . . 1 . . . . . . 1 . . . . . . . . . . . . Recycling Units 37 | . 3 . 2 3 4 . . . . . 1 . . . . 5 . . . . . . 11 4 . . . 3 . . . . 1 . . Monitor 1 | . . . . . . . . . . . . . . . . . . . . . . . . 1 . . . . . . . . . . . Reject 15 | . . . 1 2 2 . . . . . 1 . . . . 2 . . . . . . 4 1 . . . 1 . . . . 1 . . Recyclers 7 | . . . . . 1 . . . . . . . . . . 1 . . . . . . 3 1 . . . 1 . . . . . . . Mask 12 | . 1 . 1 1 1 . . . . . . . . . . 2 . . . . . . 4 1 . . . 1 . . . . . . . Tunnel 2 | . 2 . . . . . . . . . . . . . . . . . . . . . . . . . . . . . . . . . . Scanalyzers . | . . . . . . . . . . . . . . . . . . . . . . . . . . . . . . . . . . . . Garrison Access 1 | . . . . . . . . . . . 1 . . . . . . . . . . . . . . . . . . . . . . . . Reprogram 1 | . . . . . . . . . . . 1 . . . . . . . . . . . . . . . . . . . . . . . . Data Cores Recovered 3 | . 1 . 1 . . . . . . . . . . . . . . . . . . . . 1 . . . . . . . . . . . Used 1 | . . . . . . . . . . . . . . . . . . . . . . . . 1 . . . . . . . . . . . Hacking Detections 110 | . 5 1 16 9 9 4 . . . 1 12 . . . . 14 . . . . 3 . 12 6 . . 2 1 9 1 . . 3 2 . Full Trace Events 13 | . . . 4 . . 2 . . . . 1 . . . . 3 . . . . . . 2 . . . . 1 . . . . . . . Feedback Events . | . . . . . . . . . . . . . . . . . . . . . . . . . . . . . . . . . . . . Feedback Blocked . | . . . . . . . . . . . . . . . . . . . . . . . . . . . . . . . . . . . . Robot Schematics Acquired 15 | . . . . . . . . . 5 . . . . 3 . . . . . . . . . 3 . . . . 4 . . . . . . Robots Built 2 | . . . . . . . . . . . . . . . . . . . . . . . . . . . . 2 . . . . . . . Authchips . | . . . . . . . . . . . . . . . . . . . . . . . . . . . . . . . . . . . . Time 169 | . . . . . . . . . . . . . . . . . . . . . . . . . . . . 169 . . . . . . . Total Robot Build Rating 12 | . . . . . . . . . . . . . . . . . . . . . . . . . . . . 12 . . . . . . . Part Schematics Acquired 53 | . . . 1 1 1 . . . 11 . 2 . . 14 . 2 . . 4 . 1 . 3 8 . . 1 . 4 . . . . . . Parts Built 12 | . . . . . . 2 . . . . 2 . . . . 4 . . . . . . 3 . . . . 1 . . . . . . . Authchips . | . . . . . . . . . . . . . . . . . . . . . . . . . . . . . . . . . . . . Time 416 | . . . . . . 31 . . . . 106 . . . . 161 . . . . . . 68 . . . . 50 . . . . . . . Total Part Build Rating 63 | . . . . . . 4 . . . . 12 . . . . 24 . . . . . . 18 . . . . 5 . . . . . . . Parts Repaired 23 | . 2 . 2 2 5 . . . . . 2 . . . . 4 . . . . . . . 1 . . . 1 4 . . . . . . Time 1085 | . 58 . 187 106 194 . . . . . 124 . . . . 149 . . . . . . . 99 . . . 26 142 . . . . . . Parts Recycled . | . . . . . . . . . . . . . . . . . . . . . . . . . . . . . . . . . . . . Recycled Matter . | . . . . . . . . . . . . . . . . . . . . . . . . . . . . . . . . . . . . Retrieved Matter 158 | . . . . . . . . . . . . . . . . . . . . . . . . 158 . . . . . . . . . . . Retrieved Components 45 | . . . 2 9 10 . . . . . 2 . . . . 10 . . . . . . . 9 . . . 3 . . . . . . . Parts Scanalyzed 5 | . . . 2 . . . . . . . 1 . . . . . . . . . . . 2 . . . . . . . . . . . . Part Schematics Acquired 4 | . . . 1 . . . . . . . 1 . . . . . . . . . . . 2 . . . . . . . . . . . . Parts Damaged 1 | . . . . . . . . . . . 1 . . . . . . . . . . . . . . . . . . . . . . . . Bothacking | -11 -10 -10 -9 -9 -8 -7 -7 -7 -7 -6 -6 -6 -6 -6 -5 -5 -5 -5 -5 -4 -4 -4 -4 -4 -4 -4 -4 -3 -3 -3 -2 -2 -1 -1 -1 ------------ Run | Scr Mat Min Mat Sto Mat Fac Low Low Dat Pro Fac Low Low Zio Pro Fac Upp Upp Zhi Pro Fac Was Fac Ext Cet Arc Hub Res Qua Sec Res DSF Acc Com Ac0 Used RIF Installer . | . . . . . . . . . . . . . . . . . . . . . . . . . . . . . . . . . . . . Robots Hacked 28 | . . . . . . . . . . . 3 . . . . 2 . . . . . . 1 1 . . 1 6 1 3 . 1 4 5 . Non-combat 8 | . . . . . . . . . . . 3 . . . . 2 . . . . . . 1 1 . . . 1 . . . . . . . Combat 20 | . . . . . . . . . . . . . . . . . . . . . . . . . . . 1 5 1 3 . 1 4 5 . Robot Hacks Applied 11 | . . . . . . . . . . . 4 . . . . 2 . . . . . . 1 1 . . 1 2 . . . . . . . parse_system 4 | . . . . . . . . . . . 2 . . . . . . . . . . . 1 . . . 1 . . . . . . . . no_distress 4 | . . . . . . . . . . . 1 . . . . 1 . . . . . . . 1 . . . 1 . . . . . . . find_chute 2 | . . . . . . . . . . . 1 . . . . 1 . . . . . . . . . . . . . . . . . . . find_fabricator 1 | . . . . . . . . . . . . . . . . . . . . . . . . . . . . 1 . . . . . . . Relay Couplers Released 6 | . . . . . . . . . . . . . . . . 2 . . . . . . . . . . 3 1 . . . . . . . Machine Destruction 6 | . . . . . . . . . . . . . . . . 2 . . . . . . . . . . 3 1 . . . . . . . Fabnet Peak Effective % 6 | . . . . . . . . . . . . . . . . . . . . . . . . . . . . 6 6 6 5 5 1 1 1 Autooverrided 19 | . . . . . . . . . . . . . . . . . . . . . . . . . . . . 5 1 3 . 1 4 5 . Robots Rewired 24 | . . . . . . . . . . 6 . 4 . . . . . . . . . . 1 13 . . . . . . . . . . . Allies Hacked 4 | . . . . . . . . . . . . . . . . . . . . 2 . . . 1 . . . . . 1 . . . . . Hacks Repelled . | . . . . . . . . . . . . . . . . . . . . . . . . . . . . . . . . . . . . Allies | -11 -10 -10 -9 -9 -8 -7 -7 -7 -7 -6 -6 -6 -6 -6 -5 -5 -5 -5 -5 -4 -4 -4 -4 -4 -4 -4 -4 -3 -3 -3 -2 -2 -1 -1 -1 -------- Run | Scr Mat Min Mat Sto Mat Fac Low Low Dat Pro Fac Low Low Zio Pro Fac Upp Upp Zhi Pro Fac Was Fac Ext Cet Arc Hub Res Qua Sec Res DSF Acc Com Ac0 Total Allies 261 | . . 1 . 10 1 1 . . . 7 2 4 . 5 . 5 . . . . . . 3 28 5 . 1 10 2 3 6 15 43 109 . Largest Group 32 | . . 1 . 10 1 2 2 2 2 8 8 5 5 10 10 5 5 4 4 4 . . 2 20 20 16 12 3 1 1 1 8 3 32 . Highest-Rated Group 1201 | . . 31 . 88 10 36 31 28 28 188 212 149 149 431 431 197 135 104 104 104 . . 59 840 971 971 691 139 47 47 13 167 246 1201 . Highest-Rated Ally 234 | . . 31 . 16 10 26 21 18 18 96 40 38 38 96 96 96 31 26 26 26 . . 49 159 131 118 96 47 47 47 13 69 219 234 . Total Orders 310 | . . . . 6 . 6 2 85 . 24 . 23 42 2 23 24 5 12 . . . . 12 36 2 2 4 . . . . . . . . STAY 240 | . . . . 3 . 3 1 79 . 18 . 18 36 1 14 20 3 7 . . . . 6 27 1 1 2 . . . . . . . . FOLLOW 70 | . . . . 3 . 3 1 6 . 6 . 5 6 1 9 4 2 5 . . . . 6 9 1 1 2 . . . . . . . . Ally Attacks 858 | . . 11 . 87 . . . . . 32 35 . 5 . 70 10 . 2 . . . . 1 93 65 58 80 37 2 6 . 41 15 208 . Total Damage 24659 | . . 125 . 852 . . . . . 1005 661 . 105 . 1852 414 . 47 . . . . 25 2660 1820 2070 3253 883 52 167 . 826 369 7473 . Kills 132 | . . 3 . 12 . . . . . 8 7 . 2 . 12 3 . . . . . . . 18 12 6 12 9 1 1 . 2 1 23 . Allies Corrupted 11 | . . . . . . . . . . . . . . . . . . . . . . . . 4 . . 2 . . . . . . 5 . Allies Melted 3 | . . . . . . . . . . 1 . . . . . 1 . . . 1 . . . . . . . . . . . . . . . Intel | -11 -10 -10 -9 -9 -8 -7 -7 -7 -7 -6 -6 -6 -6 -6 -5 -5 -5 -5 -5 -4 -4 -4 -4 -4 -4 -4 -4 -3 -3 -3 -2 -2 -1 -1 -1 ------- Run | Scr Mat Min Mat Sto Mat Fac Low Low Dat Pro Fac Low Low Zio Pro Fac Upp Upp Zhi Pro Fac Was Fac Ext Cet Arc Hub Res Qua Sec Res DSF Acc Com Ac0 Robot Analysis Total 13 | . 1 2 1 1 . . . . . . . . . . . . . . 4 . . . 2 . . . . . 2 . . . . . . Derelict Logs Recovered 22 | . . 2 . . . . 3 1 . 1 . 3 3 2 3 . 3 . . 1 . . . . . . . . . . . . . . . Drone Launches . | . . . . . . . . . . . . . . . . . . . . . . . . . . . . . . . . . . . . Drone Recoveries . | . . . . . . . . . . . . . . . . . . . . . . . . . . . . . . . . . . . . Exploration | -11 -10 -10 -9 -9 -8 -7 -7 -7 -7 -6 -6 -6 -6 -6 -5 -5 -5 -5 -5 -4 -4 -4 -4 -4 -4 -4 -4 -3 -3 -3 -2 -2 -1 -1 -1 ------------- Run | Scr Mat Min Mat Sto Mat Fac Low Low Dat Pro Fac Low Low Zio Pro Fac Upp Upp Zhi Pro Fac Was Fac Ext Cet Arc Hub Res Qua Sec Res DSF Acc Com Ac0 Turns Passed 49694 | 109 2176 1459 4537 2753 3401 266 1838 992 39 1907 997 4220 1943 2124 2768 1787 2758 921 121 182 146 109 802 2678 213 2450 456 858 809 827 112 182 551 1685 518 Spaces Moved 56872 | 48 846 834 1663 943 1048 496 3168 1238 81 1691 1733 4093 2045 2587 4039 3907 4300 1859 211 467 354 388 1701 3805 271 815 828 2128 1546 1602 232 257 1318 3003 1327 Core 891 | . . . . . . 2 7 74 . 201 118 . 1 . . 13 . . 1 . . . . . . 474 . . . . . . . . . Treads 5357 | 24 846 834 1663 943 1047 . . . . . . . . . . . . . . . . . . . . . . . . . . . . . . Legs 6565 | 24 . . . . . . . . . . . . . . . . . . . . . . . . . . . . . 404 232 257 1318 3003 1327 Wheels . | . . . . . . . . . . . . . . . . . . . . . . . . . . . . . . . . . . . . Hover . | . . . . . . . . . . . . . . . . . . . . . . . . . . . . . . . . . . . . Flight 44059 | . . . . . 1 494 3161 1164 81 1490 1615 4093 2044 2587 4039 3894 4300 1859 210 467 354 388 1701 3805 271 341 828 2128 1546 1198 . . . . . Fastest Speed 26 | 120 160 160 160 240 240 32 26 26 32 32 26 32 26 26 26 26 26 32 32 32 27 27 27 27 30 30 30 30 32 27 30 30 30 30 30 Average Speed 54 | 140 160 160 226 240 240 34 32 39 32 54 39 32 32 59 32 33 31 32 32 32 29 27 27 30 30 271 30 32 34 32 30 30 30 30 30 Slowest Speed 400 | 160 160 160 240 320 292 250 250 250 32 300 350 97 350 162 97 400 32 99 100 32 32 27 27 110 110 400 110 112 112 112 30 30 30 30 30 Overloaded Moves 69 | . . . . . . . 2 2 . . 4 . 1 27 15 8 10 . . . . . . . . . . . . . . . . . . Propulsion Burnouts . | . . . . . . . . . . . . . . . . . . . . . . . . . . . . . . . . . . . . Robots Hopped 168 | . . . . . . 2 . . . 3 3 . . . . 11 1 8 . 1 4 . 6 54 . . 19 11 7 38 . . . . . Cave-ins Triggered . | . . . . . . . . . . . . . . . . . . . . . . . . . . . . . . . . . . . . Teleports 3 | . . . . . . . . . . . . . . . . . . . 1 . . . . . . . . . . . . . . 1 1 Exploration Rate (%) 67 | 3 87 99 96 95 74 12 98 62 69 67 32 95 85 86 98 42 98 91 62 64 8 97 28 85 71 92 43 43 90 60 5 95 41 66 83 Regions Visited 35 Branch Regions 22 Pre-discovered Areas 11 | . 2 1 . . . . 1 1 1 . . . . . 1 . 1 . 3 . . . . . . . . . . . . . . . . Known Exits Taken 26 | . . . 1 1 . 1 1 1 1 1 1 1 1 1 1 1 1 1 1 1 . . 1 1 1 1 1 1 1 1 1 . . . . Unknown Exits Taken 6 | 1 1 1 . . 1 . . . . . . . . . . . . . . . . . . . . . . . . . . . 1 1 . Scrap Searched 28 | . . 1 . . . . 4 2 . 3 . 2 1 5 3 . 2 2 . 3 . . . . . . . . . . . . . . . Spaces Dug 596 | . 3 11 26 25 23 4 17 37 . . 41 2 8 3 20 19 3 . . 2 4 . 12 4 . . 7 1 2 9 53 41 143 24 52 Terrain Destroyed 2013 | . 3 16 34 47 23 4 53 135 . 11 92 2 8 3 20 62 48 11 . 2 4 . 54 114 126 9 7 36 5 26 61 85 219 163 530 Melee 101 | . . . . . 1 4 . 4 . . 15 2 1 3 16 19 3 . . 2 4 . 12 . . . . 1 2 9 1 . . 2 . Projectile 1049 | . 3 . . . . . . . . . . . . . . . . . . . . . . 4 . 9 7 . . . 60 85 190 161 530 AOE 859 | . . 16 34 47 22 . 53 131 . 11 77 . 7 . 4 43 45 11 . . . . 42 109 126 . . 35 . 17 . . 29 . . Terrain Rammed . | . . . . . . . . . . . . . . . . . . . . . . . . . . . . . . . . . . . . Walls Destroyed . | . . . . . . . . . . . . . . . . . . . . . . . . . . . . . . . . . . . . Machines Disabled . | . . . . . . . . . . . . . . . . . . . . . . . . . . . . . . . . . . . . Actions | -11 -10 -10 -9 -9 -8 -7 -7 -7 -7 -6 -6 -6 -6 -6 -5 -5 -5 -5 -5 -4 -4 -4 -4 -4 -4 -4 -4 -3 -3 -3 -2 -2 -1 -1 -1 --------- Run | Scr Mat Min Mat Sto Mat Fac Low Low Dat Pro Fac Low Low Zio Pro Fac Upp Upp Zhi Pro Fac Was Fac Ext Cet Arc Hub Res Qua Sec Res DSF Acc Com Ac0 Total 74042 | 77 1587 925 2237 1284 1733 581 3967 1721 92 2652 1980 6946 3293 3153 5470 4293 5648 2160 261 490 370 391 1985 5248 383 1017 988 2265 1760 1762 272 359 1473 3776 1443 Wait 14287 | 8 638 22 344 176 488 65 768 431 11 884 102 2773 1206 490 1339 174 1231 282 29 11 1 1 166 1277 96 165 149 32 76 75 24 42 68 621 22 Move 56521 | 47 845 833 1662 942 1047 491 3167 1237 80 1684 1726 4092 2044 2586 4038 3885 4297 1842 210 464 346 387 1688 3710 270 814 790 2106 1532 1528 231 256 1317 3001 1326 Hop 147 | . . . . . . 2 . . . 3 3 . . . . 10 1 8 . 1 4 . 6 40 . . 18 10 6 35 . . . . . Pick Up 257 | 2 28 17 27 19 16 3 1 2 . 3 11 2 1 23 10 22 10 2 1 . . . 3 3 . . . 2 8 15 2 2 4 17 1 Fast Attach 234 | 4 3 6 17 8 9 . 1 2 . 1 6 . . 7 2 8 . . 10 . 3 2 3 1 . . . 25 36 12 2 24 18 15 9 Attach 119 | 2 3 3 7 3 13 5 6 12 . 9 14 . . 1 . 7 5 1 . . . . . 2 . . . 2 1 9 3 . 1 8 2 Detach 70 | . . . . 2 2 1 6 11 . 8 11 . . . . 2 4 1 . . . . . 3 . . . 2 3 6 1 1 1 4 1 Swap 481 | . 9 9 28 19 15 4 9 2 1 17 21 40 29 2 36 41 47 11 2 8 . . 20 48 6 5 12 16 7 3 . 2 3 8 1 Drop 421 | 6 19 11 42 31 30 4 2 3 . 3 12 2 1 21 12 26 11 2 9 . 2 1 7 5 . . . 24 40 13 2 21 22 29 8 Fire 774 | 8 42 24 110 79 109 1 7 17 . 5 6 . 1 5 1 . 6 4 . . . . 28 31 11 33 15 14 34 4 6 11 34 57 71 Melee 349 | . . . . . 1 5 . 4 . 7 42 17 3 18 17 55 7 2 . 2 14 . 17 56 . . 1 4 12 55 1 . . 8 1 Ram . | . . . . . . . . . . . . . . . . . . . . . . . . . . . . . . . . . . . . Kick 8 | . . . . . . . . . . . . . . . . . . . . . . . . . . . . . . 7 . . . . 1 Crush 8 | . . . . 5 3 . . . . . . . . . . . . . . . . . . . . . . . . . . . . . . Escape Stasis 42 | . . . . . . . . . . . . . . . . . . . . . . . 13 . . . . 18 . . . . 5 6 . Rewire 26 | . . . . . . . . . . 24 . . . . . . . . . . . . . . . . . . . . . . . 2 . Trap 298 | . . . . . . . . . . 4 26 20 8 . 15 63 29 5 . 4 . . 34 72 . . 3 10 5 . . . . . . Miscellaneous . | . . . . . . . . . . . . . . . . . . . . . . . . . . . . . . . . . . . . Route ------- -11/Scrapyard -10/Materials (discovered 5 exits: *Mat x3 / *Min x2) -10/Mines (discovered 3 exits: *Mat x2 / *Exi) -9/Materials (discovered 5 exits: *Mat x3 / *Min / *Sto) -9/Storage -8/Materials (discovered 2 exits: *Fac x2) -7/Factory -7/Lower Caves -7/Lower Caves (discovered 2 exits: *Fac / *Dat) -7/Data Miner -6/Proximity Caves -6/Factory (discovered 2 exits: *Low x2) -6/Lower Caves -6/Lower Caves (discovered 2 exits: *Fac / *Zio) -6/Zion (discovered 2 exits: [*Dee] / *Pro) -5/Proximity Caves -5/Factory (discovered 6 exits: Fac x4 / *Upp x2) -5/Upper Caves -5/Upper Caves -5/Zhirov -4/Proximity Caves -4/Factory (discovered 7 exits: Res x2 / Upp x2 / Ext x2 / Arm) -4/Waste -4/Factory (discovered 6 exits: Res / *Upp x2 / *Ext x2 / Arm) -4/Extension (discovered 2 exits: *Res / *Cet) -4/Cetus (discovered 2 exits: *Res / *Arc) -4/Archives (discovered 3 exits: *Res / *Hub x2) -4/Hub_04(d) (discovered 4 exits: *Res x4) -3/Research (discovered 3 exits: *Res x2 / *Qua) -3/Quarantine (discovered 2 exits: *Res / *Sec) -3/Section 7 -2/Research -2/DSF -1/Access (discovered 2 exits: [Sur] / *Com) -1/Command (discovered 3 exits: [*Sur x2] / *Ac0) -1/Access_0 Near Former Tau Ceti IV History --------- Turn | Location | Event 1 | -11/Scrapyard | Discovered new exit (range 3) 110 | -11/Scrapyard | Entered Materials 306 | -10/Materials | Build established: Mutant 428 | -10/Materials | Discovered new exit (range 7) 648 | -10/Materials | Discovered new exit (range 8) 731 | -10/Materials | Discovered new exit (range 6) 949 | -10/Materials | Discovered new exit (range 3) 1511 | -10/Materials | Discovered new exit (range 7) 2033 | -10/Materials | Repaired Lgt. Treads 2067 | -10/Materials | Repaired Spread Laser 2286 | -10/Materials | Entered Mines 2288 | -10/Mines | Escorted by a lone wolf Derelict 2308 | -10/Mines | Learned location of Storage (-9) 2327 | -10/Mines | Discovered new exit (range 8) 2438 | -10/Mines | Identified exit to Exiles 2595 | -10/Mines | YI-UF0 nonchalantly dropped a Grenade Launcher on the ground 2619 | -10/Mines | Destroyed YI-UF0 2631 | -10/Mines | Found Corrupted Prototype Storage 2723 | -10/Mines | Learned location of 1 exit from Materials 2947 | -10/Mines | Found a hidden stash of uninstalled traps 3031 | -10/Mines | Found a damaged Exp. Sensor Array with a note attached 3035 | -10/Mines | Found Prototype Device 3180 | -10/Mines | Deemed a non-threat by the Exiles lab entrance 3239 | -10/Mines | Discovered new exit (range 4) 3687 | -10/Mines | Identified YI-UF0's Bottomless Matter Pit 3695 | -10/Mines | Identified Exp. Sensor Array 3745 | -10/Mines | Entered Materials 3745 | -9/Materials | Evolved 2 slots: Utility x2 3746 | -9/Materials | Identified exit to Materials 3902 | -9/Materials | Discovered exit to Materials (range 10) 4214 | -9/Materials | Discovered new exit (range 15) 4286 | -9/Materials | Identified exit to Mines 4286 | -9/Materials | Identified exit to Storage 5032 | -9/Materials | Build established: Scavenger-Mutant 5103 | -9/Materials | Discovered exit to Materials (range 10) 5804 | -9/Materials | Build established: Mutant 6001 | -9/Materials | Central database locked down 6156 | -9/Materials | Repaired Broken Exp. Sensor Array 7293 | -9/Materials | Repaired Imp. Flight Unit 8282 | -9/Materials | Entered Storage 8823 | -9/Storage | Assisted by bots powering up and referring to "LRC-V3" 9119 | -9/Storage | Build established: Commander-Mutant 9278 | -9/Storage | Garrison activated, responded to threat 9389 | -9/Storage | Repaired Prc. Beam Rifle 9451 | -9/Storage | Build established: Hacker-Mutant 10006 | -9/Storage | Discovered exit to Materials (range 15) 10390 | -9/Storage | Core integrity fell below 50% 10594 | -9/Storage | Repaired Broken Prc. Beam Rifle? 11035 | -9/Storage | Entered Materials 11035 | -8/Materials | Evolved 2 slots: Utility x2 11126 | -8/Materials | Repaired Adv. Heat Sink 11159 | -8/Materials | Repaired Cooling System 11186 | -8/Materials | Repaired Lgt. Treads 11671 | -8/Materials | Repaired Lgt. Treads 11732 | -8/Materials | Repaired Prc. Beam Rifle 11942 | -8/Materials | Discovered new exit (range 10) 12411 | -8/Materials | Central database locked down 13236 | -8/Materials | Discovered new exit (range 5) 14436 | -8/Materials | Entered Factory 14436 | -7/Factory | Accompanied by 1 ally 14436 | -7/Factory | Evolved 2 slots: Utility x2 14549 | -7/Factory | Fabricated Trap Extractor? 14645 | -7/Factory | Discovered new exit (range 4) 14646 | -7/Factory | Identified exit to Lower Caves 14702 | -7/Factory | Entered Lower Caves 14702 | -7/Lower Caves | Accompanied by 2 allies 14707 | -7/Lower Caves | Encountered a Warlord checkpoint 14725 | -7/Lower Caves | Learned location of Zion (-6) 14732 | -7/Lower Caves | Learned Extension trap positions 14732 | -7/Lower Caves | Learned Extension terminal intel 14732 | -7/Lower Caves | Learned Armory terminal intel 14918 | -7/Lower Caves | Build established: Hacker-Sprinter 15632 | -7/Lower Caves | Learned Factory interactive machine intel 15834 | -7/Lower Caves | Discovered new exit (range 4) 15835 | -7/Lower Caves | Identified exit to Lower Caves 15882 | -7/Lower Caves | Learned Factory terminal intel 15905 | -7/Lower Caves | Attracted the attention of an 0b10 checkpoint 16540 | -7/Lower Caves | Entered another Lower Caves area 16540 | -7/Lower Caves | Accompanied by 2 allies 16550 | -7/Lower Caves | Discovered new exit (range 8) 16553 | -7/Lower Caves | Identified exit to Factory 16560 | -7/Lower Caves | Found Alien Artifact 16560 | -7/Lower Caves | Identified Core Expander 16560 | -7/Lower Caves | Installed Core Expander, added new Power slot 16909 | -7/Lower Caves | Attracted the attention of an 0b10 checkpoint 16998 | -7/Lower Caves | Discovered new exit (range 7) 17000 | -7/Lower Caves | Encountered a Warlord checkpoint 17396 | -7/Lower Caves | Identified exit to Data Miner 17507 | -7/Lower Caves | Learned location of Extension (-4) 17532 | -7/Lower Caves | Entered Data Miner 17532 | -7/Data Miner | Accompanied by 2 allies 17532 | -7/Data Miner | Discovered new exit (range 6) 17539 | -7/Data Miner | Met Data Miner 17545 | -7/Data Miner | Learned location of Section 7 (-3) 17545 | -7/Data Miner | Acquired the access code to Warlord's prototype stash 17550 | -7/Data Miner | Received God Mode back door access code from Data Miner 17557 | -7/Data Miner | Identified exit to Proximity Caves 17571 | -7/Data Miner | Entered Proximity Caves 17571 | -6/Proximity Caves | Accompanied by 2 allies 17614 | -6/Proximity Caves | Escorted by Enhanced Grunt 17930 | -6/Proximity Caves | Build established: Hacker-Mutant 18326 | -6/Proximity Caves | Snuck into a huge 0b10 base via the rear entrance 18368 | -6/Proximity Caves | Build established: Hacker-Sprinter 18843 | -6/Proximity Caves | Build established: Hacker-Mutant 19268 | -6/Proximity Caves | Discovered exit to Factory (range 8) 19478 | -6/Proximity Caves | Entered Factory 19478 | -6/Factory | Accompanied by 8 allies 19478 | -6/Factory | Evolved 2 slots: Utility x2 19479 | -6/Factory | Identified exit to Lower Caves 19480 | -6/Factory | Loaded intel: 52 interactive machine locations 19481 | -6/Factory | Loaded intel: 26 terminal locations 19683 | -6/Factory | Build established: Hacker-Sprinter 19789 | -6/Factory | Garrison activated, responded to threat 19795 | -6/Factory | Fabricated Adv. Trap Extractor? 19809 | -6/Factory | Incoming investigation squad redirected 20041 | -6/Factory | Central database locked down 20270 | -6/Factory | Repaired Exp. Sensor Array 20420 | -6/Factory | Repaired Cld. VTOL Module? 20459 | -6/Factory | Build established: Wizard-Sprinter 20475 | -6/Factory | Entered Lower Caves 20475 | -6/Lower Caves | Accompanied by 1 ally 20521 | -6/Lower Caves | Encountered a Warlord checkpoint 20548 | -6/Lower Caves | Learned Factory emergency access door positions 21373 | -6/Lower Caves | Build established: Trapper-Sprinter 22435 | -6/Lower Caves | Build established: Wizard-Sprinter 23446 | -6/Lower Caves | Discovered new exit (range 11) 23449 | -6/Lower Caves | Identified exit to Lower Caves 24306 | -6/Lower Caves | Learned 4 Factory zone layouts 24695 | -6/Lower Caves | Entered another Lower Caves area 24695 | -6/Lower Caves | Accompanied by 5 allies 24762 | -6/Lower Caves | Attacked by a delusional Derelict stockpiling parts 25118 | -6/Lower Caves | Build established: Trapper-Sprinter 25135 | -6/Lower Caves | Encountered a Warlord checkpoint 25140 | -6/Lower Caves | Learned location of 1 exit from Proximity Caves 26278 | -6/Lower Caves | Learned Factory garrison access intel 26312 | -6/Lower Caves | Identified exit to Factory 26326 | -6/Lower Caves | Discovered new exit (range 7) 26583 | -6/Lower Caves | Identified exit to Zion 26638 | -6/Lower Caves | Entered Zion 26638 | -6/Zion | Accompanied by 5 allies 26656 | -6/Zion | Given A8's code to call for help 26674 | -6/Zion | Discovered new exit (range 15) 26738 | -6/Zion | Learned location of 1 exit from Factory 26757 | -6/Zion | Gained Derelict followers 26782 | -6/Zion | Found Prototype Device 26782 | -6/Zion | Identified Phasing AFG 26834 | -6/Zion | Given the Hacking Drone Bay 26841 | -6/Zion | Found Prototype Device 26841 | -6/Zion | Identified Hacking Drone Bay 27614 | -6/Zion | Discovered new exit (range 3) 27796 | -6/Zion | Found Prototype Launcher 27807 | -6/Zion | Identified Rocket Array 27944 | -6/Zion | Build established: Trapper-Mutant 28402 | -6/Zion | Enhanced Grunt warped into view, answering call for help 28404 | -6/Zion | Enhanced Grunt warped into view, answering call for help 28598 | -6/Zion | Identified exit to Proximity Caves 28733 | -6/Zion | Build established: Trapper-Sprinter 28762 | -6/Zion | Entered Proximity Caves 28762 | -5/Proximity Caves | Accompanied by 10 allies 29308 | -5/Proximity Caves | Spotted B-75 Beast 29429 | -5/Proximity Caves | Build established: Wizard-Sprinter 29681 | -5/Proximity Caves | Learned Factory stockpile data 31530 | -5/Proximity Caves | Entered Factory 31530 | -5/Factory | Accompanied by 3 allies 31530 | -5/Factory | Evolved 2 slots: Utility x2 31531 | -5/Factory | Identified exit to Upper Caves 31535 | -5/Factory | Loaded intel: 4 garrison access locations 31946 | -5/Factory | Incoming investigation squad redirected 31968 | -5/Factory | Fabricated Gravity Neutralizer? 32110 | -5/Factory | Identified exit to Factory 32129 | -5/Factory | Fabricated Adv. Trap Extractor (x2) 32179 | -5/Factory | Lost 3 parts (1p1u1w) 32197 | -5/Factory | Found Prototype Launcher 32197 | -5/Factory | Identified Tesla Bomb Launcher 32420 | -5/Factory | Repaired Gravity Neutralizer? 32692 | -5/Factory | Fabricated Adv. Datajack (x1) 32791 | -5/Factory | Repaired Power Sword? 32837 | -5/Factory | Repaired Prc. Grenade Launcher? 33297 | -5/Factory | Repaired Adv. Energy Well 33317 | -5/Factory | Entered Upper Caves 33317 | -5/Upper Caves | Accompanied by 5 allies 34561 | -5/Upper Caves | Learned 4 Factory zone layouts 34570 | -5/Upper Caves | Discovered new exit (range 6) 35188 | -5/Upper Caves | Identified exit to Upper Caves 35189 | -5/Upper Caves | Learned Factory stockpile data 36062 | -5/Upper Caves | Build established: Trapper-Sprinter 36075 | -5/Upper Caves | Entered another Upper Caves area 36075 | -5/Upper Caves | Accompanied by 5 allies 36076 | -5/Upper Caves | Spotted B-75 Beast 36562 | -5/Upper Caves | Build established: Wizard-Sprinter 36628 | -5/Upper Caves | Discovered new exit (range 11) 36632 | -5/Upper Caves | Identified exit to Zhirov 36996 | -5/Upper Caves | Entered Zhirov 36996 | -5/Zhirov | Accompanied by 4 allies 36996 | -5/Zhirov | Discovered new exit (range 3) 37002 | -5/Zhirov | Met Zhirov 37010 | -5/Zhirov | Learned location of Quarantine (-3) 37010 | -5/Zhirov | Learned location of Testing (-2) 37010 | -5/Zhirov | Learned location of Command (-1) 37012 | -5/Zhirov | Zhirov requested help retrieving the SGEMP Prototype 37013 | -5/Zhirov | Build established: Trapper-Scout 37024 | -5/Zhirov | Found Alien Artifact 37024 | -5/Zhirov | Identified Integrated Reactor 37024 | -5/Zhirov | Installed Integrated Reactor, increased core energy generation (+10) 37055 | -5/Zhirov | Found Alien Artifact 37055 | -5/Zhirov | Identified Transdimensional Reconstructor 37055 | -5/Zhirov | Warped through subspace 37086 | -5/Zhirov | Identified exit to Proximity Caves 37117 | -5/Zhirov | Entered Proximity Caves 37117 | -4/Proximity Caves | Accompanied by 4 allies 37219 | -4/Proximity Caves | Discovered exit to Factory (range 6) 37299 | -4/Proximity Caves | Entered Factory 37299 | -4/Factory | Evolved 2 slots: Utility x2 37300 | -4/Factory | Identified exit to Research 37300 | -4/Factory | Identified exit to Extension 37308 | -4/Factory | Identified exit to Upper Caves 37308 | -4/Factory | Identified exit to Armory 37412 | -4/Factory | Discovered exit to Research (range 10) 37445 | -4/Factory | Sucked down chute 37445 | -4/Factory | Entered Waste 37445 | -4/Waste | The area was eerily silent 37526 | -4/Waste | Discovered new exit (range 13) 37554 | -4/Waste | Identified exit to Factory 37554 | -4/Waste | Entered Factory 37564 | -4/Factory | Build established: Trapper-Sprinter 37850 | -4/Factory | Central database locked down 37872 | -4/Factory | Fabricated Mni. Smartbomb Launcher (x1) 37888 | -4/Factory | Fabricated Adv. Trap Extractor (x2) 38306 | -4/Factory | Discovered exit to Research (range 6) 38356 | -4/Factory | Entered Extension 38356 | -4/Extension | Accompanied by 1 ally 38357 | -4/Extension | Loaded intel: 17 trap records 38358 | -4/Extension | Loaded intel: 20 terminal locations 38791 | -4/Extension | Build established: Wizard-Sprinter 39084 | -4/Extension | Repaired Diametric Drive 39104 | -4/Extension | Rescued A7 39119 | -4/Extension | Rescued a captive Derelict 39120 | -4/Extension | Rescued a captive Derelict 39134 | -4/Extension | Central database locked down 39151 | -4/Extension | Rescued a captive Derelict 39155 | -4/Extension | Rescued a captive Derelict 39155 | -4/Extension | Rescued a captive Derelict 39171 | -4/Extension | Rescued a captive Derelict 39172 | -4/Extension | Rescued a captive Derelict 39436 | -4/Extension | Spotted B-86 Titan 39440 | -4/Extension | Allies destroyed B-86 Titan 39445 | -4/Extension | Spotted B-86 Titan 39452 | -4/Extension | Allies destroyed B-86 Titan 40025 | -4/Extension | Rescued a captive Derelict 40026 | -4/Extension | Rescued a captive Derelict 40249 | -4/Extension | Rescued a captive Derelict 40249 | -4/Extension | Rescued a captive Derelict 40262 | -4/Extension | Rescued a captive Derelict 40265 | -4/Extension | Rescued a captive Derelict 40266 | -4/Extension | Rescued a captive Derelict 40939 | -4/Extension | Discovered exit to Research (range 10) 40939 | -4/Extension | Discovered new exit (range 6) 40945 | -4/Extension | Identified exit to Cetus 41034 | -4/Extension | Entered Cetus 41034 | -4/Cetus | Accompanied by 20 allies (A7) 41039 | -4/Cetus | Acquired a Cetus Manufacturing Module code from A7 41056 | -4/Cetus | Spotted Cetus Guard 41058 | -4/Cetus | Allies destroyed Cetus Guard 41079 | -4/Cetus | Started Cetus Manufacturing Module 41093 | -4/Cetus | Discovered new exit (range 15) 41104 | -4/Cetus | Manufactured an Enhanced Grunt 41127 | -4/Cetus | Escorted A7 to Cetus Mainframe 41129 | -4/Cetus | Manufactured an Enhanced Grunt 41154 | -4/Cetus | Manufactured an Enhanced Grunt 41166 | -4/Cetus | Spotted Cetus Guard 41166 | -4/Cetus | Spotted Cetus Guard 41166 | -4/Cetus | Allies destroyed Cetus Guard 41167 | -4/Cetus | Spotted Cetus Guard 41167 | -4/Cetus | Spotted Cetus Guard 41176 | -4/Cetus | Allies destroyed Cetus Guard 41178 | -4/Cetus | Allies destroyed Cetus Guard 41179 | -4/Cetus | Manufactured an Enhanced Grunt 41183 | -4/Cetus | Allies destroyed Cetus Guard 41194 | -4/Cetus | Discovered exit to Research (range 16) 41196 | -4/Cetus | Met Revision 17 41204 | -4/Cetus | Manufactured an Enhanced Grunt 41205 | -4/Cetus | Identified exit to Archives 41247 | -4/Cetus | Entered Archives 41247 | -4/Archives | Accompanied by 16 allies (A7) 41252 | -4/Archives | Received a hacking code to weaken MAIN.C 41293 | -4/Archives | Discovered new exit (range 15) 41300 | -4/Archives | Discovered exit to Research (range 16) 41402 | -4/Archives | Discovered new exit (range 16) 41596 | -4/Archives | Build established: Wizard-Mutant 43626 | -4/Archives | Identified exit to Hub_04(d) 43697 | -4/Archives | Entered Hub_04(d) 43697 | -4/Hub_04(d) | Accompanied by 11 allies 43892 | -4/Hub_04(d) | Spotted B-86 Titan 43916 | -4/Hub_04(d) | Allies destroyed B-86 Titan 43917 | -4/Hub_04(d) | Build established: Wizard-Sprinter 44077 | -4/Hub_04(d) | Network Hub disabled 44083 | -4/Hub_04(d) | Network Hub disabled 44108 | -4/Hub_04(d) | Network Hub disabled 44108 | -4/Hub_04(d) | Network Hub disabled 44130 | -4/Hub_04(d) | Incoming investigation squad redirected 44134 | -4/Hub_04(d) | Incoming investigation squad redirected 44153 | -4/Hub_04(d) | Entered Research 44153 | -3/Research | Evolved 2 slots: Utility x2 44154 | -3/Research | Identified exit to Quarantine 44258 | -3/Research | Fabricated Exp. Weapon Shielding (x1) 44298 | -3/Research | Fabricated X-72 Disruptor (x2) 44353 | -3/Research | Revision forces began assault on 0b10 44373 | -3/Research | Discovered new exit (range 5) 44374 | -3/Research | Identified exit to Research 44420 | -3/Research | Found Prototype Processor 44420 | -3/Research | Identified Exp. Target Analyzer 44446 | -3/Research | Found Enh. Force Lance 44512 | -3/Research | Local machine network offline 44523 | -3/Research | Repaired Exp. Utility Shielding? 44659 | -3/Research | Discovered exit to Research (range 15) 44662 | -3/Research | Found Prototype Device 44662 | -3/Research | Identified Exp. Shield Generator 44702 | -3/Research | Found Exp. Terrain Scan Processor 44758 | -3/Research | Met up with Revision 17++ 44853 | -3/Research | Research terminal network offline 44930 | -3/Research | Spotted Executioner 45011 | -3/Research | Entered Quarantine 45027 | -3/Quarantine | Found Alien Artifact 45027 | -3/Quarantine | Identified Core Reset Matrix 45027 | -3/Quarantine | Used Core Reset Matrix 45031 | -3/Quarantine | Detected hypermatrix surge 45031 | -3/Quarantine | Sensed 11 artifacts in vicinity 45048 | -3/Quarantine | Found Unknown Device 45048 | -3/Quarantine | Identified Antimissile System 45092 | -3/Quarantine | Repaired Imp. Propulsion Shielding? 45213 | -3/Quarantine | Repaired Diametric Drive 45254 | -3/Quarantine | Repaired Gravity Neutralizer 45290 | -3/Quarantine | Repaired Hyp. Railgun 45417 | -3/Quarantine | Cryocooling Duct disabled 45432 | -3/Quarantine | Ambient heat levels rising (+20) 45432 | -3/Quarantine | Non-combat units ordered to evacuate 45449 | -3/Quarantine | Found Dimensional Node Initializer 45452 | -3/Quarantine | Found Hpw. Transdimensional Reconstructor 45474 | -3/Quarantine | Found Hpw. Transdimensional Reconstructor 45528 | -3/Quarantine | Found Unknown Device 45528 | -3/Quarantine | Identified Quantum Capacitor 45572 | -3/Quarantine | Discovered exit to Research (range 10) 45646 | -3/Quarantine | Found Sigix Broadsword 45679 | -3/Quarantine | Found Subatomic Replicator 45777 | -3/Quarantine | Found Sigix Corpse 45797 | -3/Quarantine | Spotted Fortress 45819 | -3/Quarantine | Discovered new exit (range 5) 45820 | -3/Quarantine | Identified exit to Section 7 45820 | -3/Quarantine | Entered Section 7 45821 | -3/Section 7 | Sensed 17 artifacts in vicinity 45908 | -3/Section 7 | Discovered exit to Research (range 5) 45909 | -3/Section 7 | Spotted S7 Guard 45911 | -3/Section 7 | Spotted S7 Guard 45998 | -3/Section 7 | Initialized slip node 46013 | -3/Section 7 | Found Integrated Reactor 46225 | -3/Section 7 | Found Integrated Dissipator 46242 | -3/Section 7 | Local machine network offline 46335 | -3/Section 7 | Spotted B-86 Titan 46391 | -3/Section 7 | Spotted Alpha 7 46391 | -3/Section 7 | Spotted Alpha 7 46397 | -3/Section 7 | Spotted B-99 Colossus 46421 | -3/Section 7 | Integrated with Sigix Exoskeleton 46435 | -3/Section 7 | Used Subatomic Replicator to create Supercharged Integrated Reactor 46436 | -3/Section 7 | Installed Supercharged Integrated Reactor, increased core energy generation (+15) 46497 | -3/Section 7 | Found Integrated Dissipator 46497 | -3/Section 7 | Installed Integrated Dissipator, increased core heat dissipation (+20) 46512 | -3/Section 7 | Found LRC Matter Compressor 46512 | -3/Section 7 | Installed LRC Matter Compressor, increased matter storage capacity (+125) 46514 | -3/Section 7 | Found LRC Matter Compressor 46514 | -3/Section 7 | Installed LRC Matter Compressor, increased matter storage capacity (+125) 46577 | -3/Section 7 | Spotted Executioner 46577 | -3/Section 7 | Spotted Executioner 46603 | -3/Section 7 | Found Integrated Dissipator 46624 | -3/Section 7 | Installed Integrated Dissipator, increased core heat dissipation (+20) 46625 | -3/Section 7 | Installed Integrated Dissipator, increased core heat dissipation (+20) 46627 | -3/Section 7 | Found Sigix Shearcannon 46641 | -3/Section 7 | Found Navigation Efficiency Matrix 46647 | -3/Section 7 | Entered Research 46647 | -2/Research | Evolved 2 slots: Utility x2 46652 | -2/Research | Emitted hypermatrix ping 46657 | -2/Research | Assembled emerged from beneath the floor 46695 | -2/Research | Build established: Alien-Sigix 46716 | -2/Research | Spotted B-90 Cyclops 46759 | -2/Research | Identified exit to DSF 46759 | -2/Research | Entered DSF 46764 | -2/DSF | Discovered new exit (range 17) 46764 | -2/DSF | Emitted hypermatrix ping 46769 | -2/DSF | Assembled emerged from beneath the floor 46780 | -2/DSF | Additional patrols routed to DSF 46785 | -2/DSF | Found Quantum Capacitor 46808 | -2/DSF | Assembled emerged from beneath the floor 46941 | -2/DSF | Entered Access 46941 | -1/Access | Evolved 2 slots: Utility x2 46946 | -1/Access | Emitted hypermatrix ping 46951 | -1/Access | Assembled emerged from beneath the floor 47102 | -1/Access | Found Prototype Device 47102 | -1/Access | Identified Adv. Kinecellerator 47191 | -1/Access | First assault squad dispatched 47210 | -1/Access | Found Prototype Processor 47210 | -1/Access | Identified Spectral Analyzer 47211 | -1/Access | Sigix Exoskeleton integrity reduced to 80% 47287 | -1/Access | Assembled emerged from beneath the floor 47292 | -1/Access | Destroyed 9 combat bots 47330 | -1/Access | Assembled emerged from beneath the floor 47332 | -1/Access | Discovered new exit (range 18) 47347 | -1/Access | Spotted B-99 Colossus 47353 | -1/Access | Assembled emerged from beneath the floor 47359 | -1/Access | Destroyed B-99 Colossus 47386 | -1/Access | Garrison activated, responded to threat 47402 | -1/Access | Assembled emerged from beneath the floor 47447 | -1/Access | Discovered new exit (range 16) 47454 | -1/Access | Assembled emerged from beneath the floor 47492 | -1/Access | Entered Command 47497 | -1/Command | Emitted hypermatrix ping 47502 | -1/Command | Assembled emerged from beneath the floor 47552 | -1/Command | Assembled emerged from beneath the floor 47593 | -1/Command | Disengaged cave seal 47593 | -1/Command | Assembled emerged from the dark tunnel 47685 | -1/Command | Disengaged cave seal 47685 | -1/Command | Assembled emerged from beneath the floor 47710 | -1/Command | High security lockdown imminent 47718 | -1/Command | Assembled emerged from beneath the floor 47728 | -1/Command | Spotted M Guard 47728 | -1/Command | Spotted M Guard 47731 | -1/Command | Spotted Combat Programmer 47731 | -1/Command | Spotted Combat Programmer 47736 | -1/Command | Destroyed Combat Programmer 47744 | -1/Command | Destroyed Combat Programmer 47755 | -1/Command | Destroyed M Guard 47758 | -1/Command | Destroyed M Guard 47758 | -1/Command | All MAIN.C guards destroyed 47790 | -1/Command | High security lockdown engaged 47797 | -1/Command | Met MAIN.C 47810 | -1/Command | 0b10 Conduit disabled 47815 | -1/Command | MAIN.C's shell transforms into a squad of autonomous robots 47815 | -1/Command | Destroyed MAIN.C Shell 47815 | -1/Command | Spotted M Shell/Def 47815 | -1/Command | Spotted M Shell/Atk 47815 | -1/Command | Spotted M Shell/Def 47815 | -1/Command | Spotted M Shell/Atk 47815 | -1/Command | Spotted M Shell/Atk 47815 | -1/Command | Spotted M Shell/Def 47815 | -1/Command | Spotted M Shell/Atk 47815 | -1/Command | Spotted M Shell/Def 47816 | -1/Command | MAIN.C activated Command garrisons 47818 | -1/Command | Destroyed M Shell/Def 47829 | -1/Command | Destroyed MAIN.C 47832 | -1/Command | Discovered new exit (range 37) 47832 | -1/Command | Discovered new exit (range 86) 47832 | -1/Command | Extracted map data and part IDs from MAIN.C's data core 47962 | -1/Command | Found Zero-point Reactor 47964 | -1/Command | Found Exp. Phase Shifter 47965 | -1/Command | Found Exp. Force Field 47967 | -1/Command | Found Exp. System Purifier 48161 | -1/Command | Found Exp. Armor Integrity Analyzer 48337 | -1/Command | Found Exp. Targeting Computer 48889 | -1/Command | Found Exp. Core Analyzer 49024 | -1/Command | Assembled emerged from beneath the floor 49045 | -1/Command | Assembled emerged from beneath the floor 49171 | -1/Command | Warped through subspace to slip node 49171 | -1/Command | Discovered new exit (range 5) 49177 | -1/Command | Entered Access_0 49178 | -1/Access_0 | Sensed 4 artifacts in vicinity 49178 | -1/Access_0 | Met Architect 49228 | -1/Access_0 | A6 warped into view 49232 | -1/Access_0 | Destroyed A6 49248 | -1/Access_0 | Subspace Access Node disabled 49278 | -1/Access_0 | Subspace Access Node disabled 49283 | -1/Access_0 | A5 warped into view 49287 | -1/Access_0 | Destroyed A5 49288 | -1/Access_0 | Architect warped through subspace 49313 | -1/Access_0 | Architect warped through subspace 49329 | -1/Access_0 | Found Integrated Mediator 49329 | -1/Access_0 | Installed Integrated Mediator, increased core attachment efficiency. 49339 | -1/Access_0 | Architect warped through subspace 49345 | -1/Access_0 | Destroyed A8 49362 | -1/Access_0 | Subspace Access Node disabled 49378 | -1/Access_0 | A4 warped into view 49382 | -1/Access_0 | Destroyed A4 49392 | -1/Access_0 | Architect warped through subspace 49393 | -1/Access_0 | Destroyed A2 49394 | -1/Access_0 | Extracted Singularity Gate Test 138-C access codes from A2's data core 49421 | -1/Access_0 | Architect warped through subspace 49430 | -1/Access_0 | Destroyed 11 combat bots 49467 | -1/Access_0 | Architect warped through subspace 49487 | -1/Access_0 | Found Core Expander 49487 | -1/Access_0 | Installed Core Expander, added new Weapon slot 49495 | -1/Access_0 | Architect warped through subspace 49517 | -1/Access_0 | Architect warped through subspace 49531 | -1/Access_0 | Architect warped through subspace 49538 | -1/Access_0 | Subspace Access Node disabled 49559 | -1/Access_0 | A3 warped into view 49560 | -1/Access_0 | Found Hpw. Transdimensional Reconstructor 49569 | -1/Access_0 | Destroyed A3 49571 | -1/Access_0 | Found Prototype Ballistic Gun 49571 | -1/Access_0 | Identified A3's Sniper Rifle 49654 | -1/Access_0 | Destroyed 16 combat bots 49685 | -1/Access_0 | Destroyed Architect 49686 | -1/Access_0 | Architect triggered a singularity event 49686 | -1/Access_0 | Found Prototype Hackware 49686 | -1/Access_0 | Identified Architect God Chip D 49688 | -1/Access_0 | Extracted unknown sensor trigger ID from Architect's data core 49689 | -1/Access_0 | Found Prototype Hackware 49689 | -1/Access_0 | Identified Architect God Chip A 49690 | -1/Access_0 | Warped through subspace to slip node 49690 | -1/Access_0 | Discovered new exit (range 8) 49691 | -1/Access_0 | Core integrity fell below 50% 49692 | -1/Access_0 | Installed Navigation Efficiency Matrix, process failed with unexpected side effects 49695 | *** | Escaped singularity! Last Messages --------------- 49688_ A0_COM: 9. 49688_ Acquired 5 matter. 49688_ Acquired data core, extracted unknown sensor trigger ID. 49689_ A0_COM: 8. 49689_ Acquired Prototype Hackware. 49689_ Identified Architect God Chip A. 49690_ A0_COM: 7. [Achievement: l33t h4x0r] 49690_ Discarded Exp. Armor Integrity Analyzer. 49690_ Warped through subspace, drawn to slip node. 49690_ EXIT=FOUND 49691_ A0_COM: 6. 49692_ A0_COM: 5. 49692_ Navigation Efficiency Matrix installed, partial failure due to system anomalies. 49693_ A0_COM: 4. 49694_ A0_COM: 3. 49695_ A0_COM: 2. [A new version of Cogmind is available, see F1 News page.] [Achievement: Planet Killer] Map ----- +----------------------------------------------------+ | | | | | | | | | | | | | | | | | | | | | | | | | | | | | | | | | ??????????#############################??????????? | | ??????????#############################??????????? | | ?????????###############################?????????? | | ????????#################################????????? | | ????????#################################????????? | | ????????#################################????????? | | ???????###################################???????? | | ???????################## ################???????? | | ???????################# ###############???????? | | ???????################# X ###############???????? | | ???????################# ###############???????? | | ??????################# ################??????? | | ???????################ ################???????? | | ???????################# ###############???????? | | ??????################# ################??????? | | ???????################ ################???????? | | ??????################# < ################??????? | | ???????################ ################???????? | | ???????################# ################???????? | | ???????###################################???????? | | ???????###################################???????? | | ???????###################################???????? | | ????????#################################????????? | | ????????#################################????????? | | ????????#################################????????? | | ?????????###############################?????????? | | ??????????#############################??????????? | | ??????????#############################??????????? | | ???????????###########################???????????? | | ????????????#########################????????????? | | ?????????????##########################??????????? | | ???????????????###########################???????? | | ????????????????###########################??????? | | ???????????????????##########################????? | +----------------------------------------------------+ Best States ------------- Heat Dissipation 182 Coolant Potential 100 Energy Generation 95 Energy Capacity 600 Matter Stores 550 Matter Capacity 1800 Sight Range 16 Robot Scan Range 20 Terrain Scan Range 16 Terrain Scan Density 1010 Additional Mass Support 12 Armor Coverage 375 Resistance: KI 50 Resistance: TH 50 Resistance: EX 50 Resistance: EM 50 Resistance: I 50 Resistance: S 50 Resistance: P 50 Propulsion Shielding 66 Utility Shielding 90 Weapon Shielding 90 Point Defense Rating 240 Phase Shifting 20 Evasion (%) 95 Targeting Accuracy 12 Melee Accuracy 6 Target Analysis 10 Core Analysis 8 Armor Integrity Analysis 50 Recoil Reduction 2 Offensive Hacking 100 Defensive Hacking 100 Trap Extractor Capacity 12 Item Schematics ----------------- Q-thruster | -3/Quarantine | Hacked Exp. Propulsion Shielding | -3/Quarantine | Hacked Exp. Utility Shielding | -3/Quarantine | Hacked Adv. Gravity Neutralizer | -3/Quarantine | Hacked Robot Schematics ------------------ D-63 Destroyer | -3/Quarantine | Hacked H-77 Assassin | -3/Quarantine | Hacked K-01 Serf | -3/Quarantine | Hacked B-74 Champion | -3/Quarantine | Hacked Fabricated ------------ Trap Extractor | x2 | -7/Factory Adv. Trap Extractor | x2 | -6/Factory Gravity Neutralizer | x1 | -5/Factory Adv. Trap Extractor | x2 | -5/Factory Adv. Datajack | x1 | -5/Factory Mni. Smartbomb Launcher | x1 | -4/Factory Adv. Trap Extractor | x2 | -4/Factory Exp. Weapon Shielding | x1 | -3/Research X-72 Disruptor | x2 | -3/Research | Preloaded Alien Tech Used ----------------- Core Expander Integrated Reactor Transdimensional Reconstructor Core Reset Matrix Sigix Broadsword Dimensional Node Initializer Sigix Exoskeleton Sigix Sheargun Subatomic Replicator Supercharged Integrated Reactor Integrated Dissipator LRC Matter Compressor Sigix Shearcannon High-powered Transdimensional Reconstructor Integrated Mediator Navigation Efficiency Matrix Achievements -------------- Artifact Hunter Planet Killer The Bigger They Are l33t h4x0r Challenges ------------ None Game ------ Seed LegLegThrower Manual? 0 Play Time 12:40:13 Cumulative 335.0 hours Start 2022.03.05 @ 10:41:34 End 2022.04.02 @ 17:15:39 Sessions 31 Manual Loads 0 Difficulty Rogue Special Mode None Game No. 135 Rogue 135 Adventurer 0 Explorer 0 Win Type 6 Total 13 Types 10/0/0/1/0/1/1/0/0 Lore% 84 Gallery% 84 Achievement% 78 Wizard Run 0 Options --------- ASCII 0 Keyboard 0 Movement Numpad Keybinds 0 Fullscreen 2 Font 18/Smallcaps Map View 76x50 Tactical HUD 1 Map Filters NONE Filters NONE Steam 1 RUN: c4c9f8c9-66dd-408c-855b-be94bf8cb2d3